Workbook
Name __1aumentos_11_1: #N/A
Name __2carência_11_1: #N/A
Name __3carência_salário_11_1: #N/A
Name __4carência_sd_11_1: #N/A
Name __5empréstimo_11_1: #N/A
Name __6inflação_11_1: #N/A
Name __7prazo_11_1: #N/A
Name __8salário_11_1: #N/A
Name __9taxa_11_1: #N/A
Name _10empréstimo_19_1: #N/A
Name _10taxa_19_1: #N/A
Name _11frota_2_1: #N/A
Name _12inflação_11_1: #N/A
Name _13inflação_19_1: #N/A
Name _14prazo_11_1: #N/A
Name _15prazo_19_1: #N/A
Name _16salário_11_1: #N/A
Name _17salário_19_1: #N/A
Name _18taxa_11_1: #N/A
Name _19taxa_19_1: #N/A
Name _1aumentos_11_1: #N/A
Name _1aumentos_19_1: #N/A
Name _2aumentos_19_1: #N/A
Name _2carência_11_1: #N/A
Name _2carência_19_1: #N/A
Name _3carência_11_1: #N/A
Name _3carência_salário_11_1: #N/A
Name _3carência_salário_19_1: #N/A
Name _4carência_19_1: #N/A
Name _4carência_sd_11_1: #N/A
Name _4carência_sd_19_1: #N/A
Name _5carência_salário_11_1: #N/A
Name _5empréstimo_11_1: #N/A
Name _5empréstimo_19_1: #N/A
Name _6carência_salário_19_1: #N/A
Name _6frota_2_1: #N/A
Name _6inflação_11_1: #N/A
Name _7carência_sd_11_1: #N/A
Name _7inflação_19_1: #N/A
Name _7prazo_11_1: #N/A
Name _8carência_sd_19_1: #N/A
Name _8prazo_19_1: #N/A
Name _8salário_11_1: #N/A
Name _9empréstimo_11_1: #N/A
Name _9salário_19_1: #N/A
Name _9taxa_11_1: #N/A
Name ANOFROTA: #REF!
Name ANOFROTA: #REF!
Name ANOFROTA: #REF!
Name ANOFROTA: #REF!
Name ANOFROTA: #REF!
Name ANOFROTA: #REF!
Name ANOFROTA: #REF!
Name ANOFROTA: #REF!
Name ANOFROTA: #REF!
Name ANOFROTA_12: #REF!
Name ANOFROTA_2: #REF!
Name ANOFROTA_5: #REF!
Name ANOFROTA_7: #REF!
Name ANOFROTA_8: #REF!

Sheet Capa
A1: Município de Herva d`Oeste - SC Estacionamento Rotativo Pago
A25: Estudo de Viabilidade Econômico e Financeira
B30: Sumário:
B31: ='(1)Premis.'!A1 -> Planilha 1 - Premissas Básicas para Determinação do Custo do Serviço
B32: ='(2)Ins.'!A1 -> Planilha 2 - Preços dos Insumos Básicos
B33: ='(3)Invest.'!A1 -> Planilha 3 - Investimentos Iniciais
B34: ='(4)Enc.Soc.'!A1 -> Planilha 4 - Encargos Sociais
B35: ='(5)Comp.Pessoal'!A1 -> Planilha 5 - Composição da Despesa com Pessoal
B36: ='(6)Comp.Benef.'!A1 -> Planilha 6 - Composição da Despesa com Benefício Social
B37: ='(7)Comp.Desp.G'!A1 -> Planilha 7 - Composição da Despesa Geral
B38: ='(8)Comp.Veic.Ocr'!A1 -> Planilha 8 - Composição da Despesa com Veículo de Fiscalização OCR
B39: ='(10)Comp.Deprec.'!A1 -> Planilha 10 - Composição da Depreciação de Veículo, Máquina e Equipamento
B40: ='(11)Proj.Deprec.'!A1 -> Planilha 11 - Projeção da Depreciação Total
B41: ='(12)Comp.Prev.Fat'!A1 -> Planilha 12 - Composição da Previsão de Faturamento
B42: ='(13)Comp.Desp.Gat'!A1 -> Planilha 13 - Composição da Despesa com Gateway de Pagamento
B43: ='(14)Orç.Tot'!A1 -> Planilha 14 - Orçamento Anual do Custo do Serviço
B44: ='(15)Fluxo_Caixa'!A1 -> Planilha 15 - Fluxo de Caixa Projetado

Sheet (1)Premis.
A1: Planilha 1 - Premissas Básicas para Determinação do Custo do Serviço
A3: Ordem | B3: Dados | C3: Descrição
A4: 1 | B4: Ano Base | C4: 2026
A5: =A4+1 -> 2 | B5: Quantidade de Vagas | C5: 684
A6: =A5+1 -> 3 | B6: Relação de monitor por vaga | C6: 100
A7: =A6+1 -> 4 | B7: Relação de supersivor por monitor | C7: 10
A8: =A7+1 -> 5 | B8: Relação de Ponto de Venda por vaga | C8: 60
A9: =A8+1 -> 6 | B9: Taxa de Respeito | C9: 2.5
A10: =A9+1 -> 7 | B10: Taxa de Ocupação | C10: 0.6
A11: =A10+1 -> 8 | B11: Tarifa Basica de Utilização | C11: 2.5
A12: =A11+1 -> 9 | B12: Horario de Funcionamento - Seg à Sexta | C12: 08:30 às 12h e das 13:30 as 18h
A13: =A12+1 -> 10 | B13: Horas disponiveis - Seg à Sexta | C13: 8
A14: =A13+1 -> 11 | B14: Horario de Funcionamento - Sabado | C14: 08:30 às 12:30h
A15: =A14+1 -> 12 | B15: Horas disponiveis - Seg à Sexta | C15: 4
A16: =A15+1 -> 13 | B16: Valor de Outorga | C16: 0.1

Sheet (2)Ins.
A1: Planilha 2 - Preços dos Insumos Básicos
A3: A. | B3: Mão de Obra de Pessoal:
A4: Descrição do Item | D4: Unidade | E4: Quantidade | F4: Unidade | G4: Salário Base
A6: 1. | B6: Pessoal Operacional
B7: b. | C7: Monitor | D7: colab. | E7: 6.84 | F7: R$/colab.mês | G7: 1900
A9: 2. | B9: Pessoal Administrativo
B10: a. | C10: Gerente | D10: colab. | E10: 1 | F10: R$/colab.mês | G10: 3000
A12: B. | B12: Benefícios Sociais:
A13: Descrição do Item | D13: Unidade | E13: Quantidade | F13: Unidade | G13: Preço
A15: 1. | B15: Auxílio Alimentação
B16: a. | C16: Pessoal Operacional | D16: colab. | E16: =SUM(E7:E7) -> 6.84 | F16: R$/colab.mês | G16: 150
B17: b. | C17: Pessoal Administrativo | D17: colab. | E17: =SUM(E10:E10) -> 1 | F17: R$/colab.mês | G17: 150
A19: 2. | B19: Vale Transporte
B20: a. | C20: Pessoal Operacional | D20: colab. | E20: =$E$16 -> 6.84 | F20: R$/colab.mês | G20: 230
B21: b. | C21: Pessoal Administrativo | D21: colab. | E21: =$E$17 -> 1 | F21: R$/colab.mês | G21: 230
A23: 3. | B23: Assistência Médica e Hospitalar
B24: a. | C24: Pessoal Operacional | D24: colab. | E24: =$E$16 -> 6.84 | F24: R$/colab.mês | G24: 130
B25: b. | C25: Pessoal Administrativo | D25: colab. | E25: =$E$17 -> 1 | F25: R$/colab.mês | G25: 130
A27: 4. | B27: Seguro de Vida, Invalidez e Funeral
B28: a. | C28: Pessoal Operacional | D28: colab. | E28: =$E$16 -> 6.84 | F28: R$/colab.mês | G28: 49
B29: b. | C29: Pessoal Administrativo | D29: colab. | E29: =$E$17 -> 1 | F29: R$/colab.mês | G29: 49
A31: C. | B31: Uniforme e EPI:
A32: Descrição do Item | D32: Unidade | E32: Quantidade | F32: Quantidade Anual | G32: Preço
A34: 1. | B34: Uniforme
B35: a. | C35: Calça | D35: pç. | E35: =$E$28+$E$29 -> 7.84 | F35: 4 | G35: 80
B36: b. | C36: Camisa | D36: pç. | E36: =$E$28+$E$29 -> 7.84 | F36: 8 | G36: 50
B37: c. | C37: Par de Sapatos | D37: pç. | E37: =$E$28+$E$29 -> 7.84 | F37: 4 | G37: 60
B38: d. | C38: Bota de Chuva | D38: pç. | E38: =$E$28 -> 6.84 | F38: 2 | G38: 60
B39: e. | C39: Capa de Chuva | D39: pç. | E39: =$E$28 -> 6.84 | F39: 8 | G39: 20
B40: f. | C40: Boné/ Chapéu | D40: pç. | E40: =$E$28+$E$29 -> 7.84 | F40: 4 | G40: 55
B41: g. | C41: Jaqueta | D41: pç. | E41: =$E$28+$E$29 -> 7.84 | F41: 1 | G41: 120
A43: 2. | B43: EPI
B44: a. | C44: Protetor Solar FPS 50 (120ml) | D44: =D40 -> pç. | E44: =E35 -> 7.84 | F44: 24 | G44: 39.9
A46: D. | B46: Outras Despesas:
A47: Descrição do Item | F47: Unidade | G47: Preço
A49: 1. | B49: Administrativas
B50: a. | C50: Aluguel de Instalações, Venda e Comercial | F50: R$/mês | G50: 1500
B51: b. | C51: Telefone Fixo e internet | F51: R$/mês | G51: 149.9
B52: c. | C52: Internet (P.O.S - Chip) | F52: R$/mês | G52: 29.9
B53: d. | C53: Energia Elétrica | F53: R$/mês | G53: 150
B54: e. | C54: Água e Esgoto | F54: R$/mês | G54: 150
B55: f. | C55: Propaganda e Publicidade | F55: R$/mês | G55: 200
B56: g. | C56: Seguro Patrimonial | F56: R$/mês | G56: 200
B57: h. | C57: Material de Escritório | F57: R$/mês | G57: 150
B58: i. | C58: Material de Limpeza e Conservação | F58: R$/mês | G58: 150
A60: 2. | B60: Serviço de Terceiro
B61: a. | C61: Honorários Advocatícios | F61: R$/mês | G61: 300
B62: b. | C62: Honorários Contábeis | F62: =F61 -> R$/mês | G62: 300
B63: c. | C63: Exames médico - admissional e dimensional | F63: R$/mês | G63: 50
B64: d. | C64: Laudo de segurança do trabalho | F64: R$/mês | G64: 50
B65: e. | C65: Vigilância Patrimonial | F65: R$/mês | G65: 149.9
A67: 3. | B67: Operacionais
B68: a. | C68: Licenças e Manutenção com Software | F68: R$/mês | G68: 650
B69: b. | C69: Manutenção Infraestrutura de TI | F69: R$/mês | G69: 500
B70: c. | C70: Manutenção e Reposição de Sinalização Vertical | F70: R$/ano | G70: ='(3)Invest.'!F23*1% -> 306
B71: d. | C71: Manutenção e Reposição de Sinalização Horizontal | F71: R$/ano | G71: ='(3)Invest.'!F24*1% -> 1395.36
B72: e. | C72: Hospedagem - Armazenamento na Nuvem | F72: R$/mês | G72: 249.9
B73: f. | C73: Bobina - P.O.S. | F73: R$/mês | G73: 249.9

Sheet (3)Invest.
A1: Planilha 3 - Investimentos Iniciais
A3: Descrição do Item | D3: Quantidade | E3: Preço Unitário | F3: Investimento
A5: 1. | B5: Veículos
B6: a. | C6: Veículo para sistema OCR | D6: 1 | E6: 80000 | F6: =D6*E6 -> 80000
A7: Total | D7: =SUM(D6:D6) -> 1 | E7: - | F7: =SUM(F6:F6) -> 80000
A9: 2. | B9: Mobiliário
B10: a. | C10: Mobiliário e Reformas da Central de Atendimento | D10: 1 | E10: 10000 | F10: =D10*E10 -> 10000
A11: Total | D11: =SUM(D10:D10) -> 1 | F11: =SUM(F10:F10) -> 10000
A13: 3. | B13: Equipamentos Eletrônicos, TI e Comunicação
B14: a. | C14: P.O.S. Monitor | D14: =ROUND((('(2)Ins.'!E7)*1.2),0) -> 8 | E14: 1300 | F14: =D14*E14 -> 10400
B15: b. | C15: P.O.S. Ponto de Venda | D15: =ROUND((('(1)Premis.'!C5/'(1)Premis.'!C8)*1.2),0) -> 14 | E15: 1300 | F15: =D15*E15 -> 18200
B16: c. | C16: Computador de uso administrativo | D16: ='(2)Ins.'!E10 -> 1 | E16: 3500 | F16: =D16*E16 -> 3500
B17: d. | C17: Nobreak | D17: =D16 -> 1 | E17: 950 | F17: =D17*E17 -> 950
B18: e. | C18: Impressora Multifuncional | D18: 1 | E18: 1500 | F18: =D18*E18 -> 1500
B19: f. | C19: Sistema OCR | D19: =D6 -> 1 | E19: 30000 | F19: =D19*E19 -> 30000
A20: Total | D20: =SUM(D14:D18) -> 25 | F20: =SUM(F14:F19) -> 64550
A22: 4. | B22: Sinalização
B23: a. | C23: Sinalização Vertical (un) (incluindo demais sinalizações dentro da area do estacionamento rotativo) | D23: =ROUND(((('(1)Premis.'!C5)*5)/50),0) -> 68 | E23: 450 | F23: =D23*E23 -> 30600
B24: b. | C24: Sinalização Horizontal (m²) (incluindo faixas de pedestre, e demais sinalizações dentro do estacionamento rotativo) | D24: =(('(1)Premis.'!C5)*8)*0.3 -> 1641.6 | E24: 85 | F24: =D24*E24 -> 139536
A25: Total | D25: =SUM(D23:D24) -> 1709.6 | F25: =SUM(F23:F24) -> 170136
A27: 5. | B27: Campanha de Divulgação de Utilização do Sistema
B28: a. | C28: Materiais para Pontos de Venda | D28: =D15 -> 14 | E28: 45 | F28: =D28*E28 -> 630
B29: b. | C29: Panfleto (manual de instruções) | D29: 5000 | E29: 1 | F29: =D29*E29 -> 5000
B30: c. | C30: Rádio, Televisão e Mídias Digitais | D30: 1 | E30: 10000 | F30: =D30*E30 -> 10000
A31: Total | F31: =SUM(F28:F30) -> 15630
A33: 6. | B33: Aplicação digital para Estacionamento Rotativo
B34: a. | C34: Desenvolvimento da Aplicação | D34: =D30 -> 1 | E34: 150000 | F34: =D34*E34 -> 150000
B35: b. | C35: Desenvolvimento de Website | D35: =D34 -> 1 | E35: 10000 | F35: =D35*E35 -> 10000
A36: Total | F36: =SUM(F34:F35) -> 160000
A38: Total dos Investimentos | F38: =F11+F20+F7+F25+F31+F36 -> 500316

Sheet (4)Enc.Soc.
A1: Planilha 4 - Encargos Sociais
A3: ENCARGOS SOBRE A REMUNERAÇÃO NORMAL DIURNA DO EMPREGADO | E3: Cálculo do Número de Dias Úteis no Ano
A4: GERAL | G4: Dias | I4: Ref. | K4: Dias
E5: Dias | G5: 365 | J5: = | K5: 365
A6: [A] | B6: Obrigações incidentes diretamente sobre a folha de pagamento: | C6: Mensalista | E6: Domingo | F6: = | G6: 52 | H6: x | I6: 1 | J6: = | K6: =G6*I6 -> 52
A7: Encargos (1) | C7: % | E7: Feriados | F7: = | G7: 11 | H7: x | I7: 1 | J7: = | K7: =G7*I7 -> 11
A8: 1 | B8: INSS | C8: 0.2 | E8: Dias Úteis (*) | J8: = | K8: =K5-K6-K7 -> 302
A9: 2 | B9: SESI / SESC / SEST | C9: 0.015 | E9: (*) Sem considerar o período aquisitivo de férias.
A10: 3 | B10: SENAI / SENAC / SENAT | C10: 0.01
A11: 4 | B11: INCRA | C11: 0.002 | E11: Cálculo do Número de Dias Produtivos no Ano
A12: 5 | B12: SEBRAE | C12: 0.006 | G12: Dias | I12: Ref. | K12: Dias
A13: 6 | B13: SALÁRIO EDUCAÇÃO | C13: 0.025 | E13: Dias | G13: =G5 -> 365 | J13: = | K13: 365
A14: 7 | B14: SAT (Seguro Acidente Trabalho) | C14: 0.03 | E14: Domingo | F14: = | G14: =G6 -> 52 | H14: x | I14: 1 | J14: = | K14: =G14*I14 -> 52
A15: 8 | B15: FGTS | C15: 0.08 | E15: Feriados | F15: = | G15: =G7 -> 11 | H15: x | I15: 1 | J15: = | K15: =G15*I15 -> 11
A16: TOTAL | C16: =SUM(C8:C15) -> 0.368 | E16: Férias | F16: = | G16: 30 | H16: - | I16: 4 | J16: = | K16: =G16-I16 -> 26
E17: Dias Produtivos/Úteis | J17: = | K17: =K13-K14-K15-K16 -> 276
A18: [B] | B18: Parcelas agregadas a remuneração e pagas diretamente ao empregado: | C18: Mensalista
E19: Parâmetros de Cálculo
A20: Parcela agregadas (1) e (3) | C20: % | E20: Domingo em Férias | F20: = | G20: =I16 -> 4 | J20: = | K20: 4
A21: 9 | B21: DSR (Descanso Semanal Remunerado = 52 dom: 275 dias/ano) (*) | C21: 0 | E21: Domingos DSR | F21: = | G21: =G14 -> 52 | H21: - | I21: =I16 -> 4 | J21: = | K21: =G21-I21 -> 48
A22: 10 | B22: Férias (1 mês : 11 meses) | C22: =G24/G23 -> 0.090909091 | E22: Adicional de Férias | F22: = | G22: 1 | H22: / | I22: 3
A23: 11 | B23: Adicional de 1/3 Férias (9,09% : 3) | C23: =C22/3 -> 0.03030303 | E23: Meses Produtivos | F23: = | G23: 11 | H23: mês | I23: no ano
A24: 12 | B24: Feriados (11 dias por ano : 276 dias/ano) (**) | C24: 0 | E24: Mês de Férias | F24: = | G24: 1 | H24: mês | I24: ao ano
A25: 13 | B25: Auxílio Doença [(15 dias : 332 dias/ano)xPercentual de Participação | C25: =G25/(K17+G21+I21)*G39 -> 0.0038403614 | E25: Auxílio Doença | F25: = | G25: 15 | H25: dias
A26: 14 | B26: Décimo Terceiro Salário (1 mês : 12 meses) | C26: =1/12 -> 0.083333333 | E26: Jornada Semanal | F26: = | G26: 44 | H26: horas
A27: 15 | B27: Licença Remunerada (4 dias : 4 anos de 276 dias/ano) | C27: =G35/(I35*K17) -> 0.0036231884 | E27: Jornada Diária | F27: = | G27: =G26 -> 44 | H27: / | I27: 6 | J27: = | K27: =G27/I27 -> 7.3333333
A28: 16 | B28: Licença Paternidade (5 dias : 4 anos de 276 dias/ano) | C28: =G34/(I34*K17) -> 0.0045289855 | E28: Horas diária não trabalhada | F28: = | G28: 0.5 | H28: hora
A29: 17 | B29: Licença Maternidade (120 dias : 4 anos de 276 dias/ano 3%) | C29: 0 | E29: Aviso Prévio Trabalhando | F29: = | G29: 0.02 | H29: Percentual de Participação
A30: TOTAL | C30: =SUM(C21:C29) -> 0.21653799 | E30: Aviso Prévio Não Trabalhando | F30: = | G30: 0.98 | H30: Percentual de Participação
E31: Horista | F31: = | G31: 220 | H31: h/m
A32: (365 dias do ano – 52 domingos – 26 dias de férias – 11 dias feriados: 276 dias úteis ano) | E32: Turn Over | F32: = | G32: 0.018
E33: Mensalista | F33: = | G33: 1 | I33: mês
A34: [C] | B34: Benefícios e encargos que não incidem sobre os demais encargos: | C34: Mensalista | E34: Licença Paternidade | F34: = | G34: 5 | H34: dia | I34: 4 | J34: anos
A35: Benefícios e encargos (1) | C35: % | E35: Licenças Remuneradas | G35: 4 | H35: dia | I35: 4 | J35: anos
A36: 18 | B36: Aviso Prévio Trabalhando (1% de 2h dia em 25 dias : 7,33h em 276 dias) | C36: =(G28*25)/(K27*K17)*G29 -> 0.00012351779 | E36: Dispensa Sem Justa Causa | F36: = | G36: 0.95
A37: 19 | B37: Aviso Prévio Não Trabalhando (25 dias : 276 dias/ano x 98%) | C37: =(25)/K17*G30 -> 0.088768116 | E37: FGTS | F37: = | G37: 0.08
A38: 20 | B38: Aviso Prévio indenizado (Trabalhando e Não Trabalhando) | C38: =C37+C36 -> 0.088891634 | E38: Multa FGTS | F38: = | G38: 0.5
A39: 21 | B39: Multa 50% do FGTS nas rescisões (50% x 8,5% FGTS x 95% dos empregados demitidos x (1+ total do grupo B) | C39: 0.0486 | E39: Auxilio Doença | F39: = | G39: 0.085 | H39: mês (Percentual de Partic.)
A40: 22 | B40: Lei 6.708 art 9 ( 8,0% do Aviso Prévio Indenizado) | C40: =G37*(C38) -> 0.0071113307 | E40: Reversão de Reajuste Sindical | F40: = | G40: 0.025 | H40: ano | J40: =G40*G41/12 -> 9.375e-05 | K40: mês
A41: 23 | B41: Contribuição do Sindicato - Reversão de Reajuste Salarial | C41: 0 | E41: Previsão de Reajuste (*) | F41: = | G41: 0.045 | H41: ano
A42: 24 | B42: Seguro de Vida (parte do custo absorvido pela empresa) | C42: 0 | E42: Licença Maternidade | F42: = | G42: 120 | H42: dias | I42: 4 | J42: anos
A43: 25 | B43: Alimentação (parte do custo absorvido pela empresa) | C43: 0 | E43: Colaboradores do Sexo Feminino | F43: = | G43: 0.03 | H43: Percentual de Participação
A44: 26 | B44: Transporte (parte do custo absorvido pela empresa) | C44: 0 | E44: (*) Para cálculo da Reversão de Reajuste Salarial
A45: 27 | B45: Outros custos (parte absorvida pela empresa) | C45: 0
A46: TOTAL | C46: =SUM(C38:C45) -> 0.14460296
A48: [D] | B48: Incidências Cumulativas [A x B] | C48: %
A49: 28 | B49: Incidências Cumulativas [A x B] | C49: =C16*C30 -> 0.07968598
A51: TOTAL GERAL DOS ENCARGOS | C51: =(C16+C30+C46+C49) -> 0.80882693
A52: (1) = ajustado segundo a realidade das empresas.
A53: (2) = estimativa decorrente do fato que a cada 4 anos ocorre o evento.
A54: (3) = ajustar também as % considerando a previsão de reajustes da remun. durante o ano.

Sheet (5)Comp.Pessoal
A1: Planilha 5 - Composição da Despesa com Pessoal
A3: Descrição do Item | D3: Encargo Social | E3: Salário Base | F3: Quantidade | G3: Encargos | H3: Total
A5: 1. | B5: Pessoal Operacional
B6: a. | C6: ='(2)Ins.'!C7 -> Monitor | D6: ='(4)Enc.Soc.'!$C$51+1 -> 1.8088269 | E6: ='(2)Ins.'!G7 -> 1900 | F6: ='(2)Ins.'!E7 -> 6.84 | G6: =H6-(E6*F6) -> 10511.515 | H6: =D6*E6*F6 -> 23507.515
A7: Despesa Mensal | G7: =SUM(G6:G6) -> 10511.515 | H7: =SUM(H6:H6) -> 23507.515
A9: 2. | B9: Pessoal Administrativo
B10: a. | C10: ='(2)Ins.'!C10 -> Gerente | D10: ='(4)Enc.Soc.'!$C$51+1 -> 1.8088269 | E10: ='(2)Ins.'!G10 -> 3000 | F10: ='(2)Ins.'!E10 -> 1 | G10: =H10-(E10*F10) -> 2426.4808 | H10: =D10*E10*F10 -> 5426.4808
A11: Despesa Mensal | G11: =SUM(G10:G10) -> 2426.4808 | H11: =SUM(H10:H10) -> 5426.4808
A13: Despesa Mensal com Pessoal Total | G13: =G7+G11 -> 12937.996 | H13: =H7+H11 -> 28933.996

Sheet (6)Comp.Benef.
A1: Planilha 6 - Composição da Despesa com Benefício Social
A3: Descrição do Item | D3: Insidencia Mensal | E3: Preço (R$/colab.mês) | F3: Quantidade de Pessoas | G3: Total
A5: 1. | B5: Auxílio Alimentação
B6: a. | C6: ='(2)Ins.'!C16 -> Pessoal Operacional | D6: 1 | E6: ='(2)Ins.'!G16 -> 150 | F6: ='(2)Ins.'!E16 -> 6.84 | G6: =$E$6*F6 -> 1026
B7: b. | C7: ='(2)Ins.'!C17 -> Pessoal Administrativo | D7: 1 | E7: ='(2)Ins.'!G17 -> 150 | F7: ='(2)Ins.'!E17 -> 1 | G7: =$E$7*F7 -> 150
A8: Despesa Mensal | G8: =SUM(G6:G7) -> 1176
A10: 2. | B10: Vale Transporte
B11: a. | C11: =C6 -> Pessoal Operacional | D11: 1 | E11: ='(2)Ins.'!G20 -> 230 | F11: ='(2)Ins.'!E20 -> 6.84 | G11: =$E$11*F11 -> 1573.2
B12: b. | C12: =C7 -> Pessoal Administrativo | D12: 1 | E12: ='(2)Ins.'!G21 -> 230 | F12: ='(2)Ins.'!E21 -> 1 | G12: =$E$12*F12 -> 230
A13: Despesa Mensal | G13: =SUM(G11:G12) -> 1803.2
A15: 3. | B15: Assistência Médica e Hospitalar
B16: a. | C16: =C11 -> Pessoal Operacional | D16: 1 | E16: ='(2)Ins.'!G24 -> 130 | F16: ='(2)Ins.'!E24 -> 6.84 | G16: =$E$16*F16 -> 889.2
B17: b. | C17: =C12 -> Pessoal Administrativo | D17: 1 | E17: ='(2)Ins.'!G25 -> 130 | F17: ='(2)Ins.'!E25 -> 1 | G17: =$E$17*F17 -> 130
A18: Despesa Mensal | G18: =SUM(G16:G17) -> 1019.2
A20: 4. | B20: Seguro de Vida, Invalidez e Funeral
B21: a. | C21: =C16 -> Pessoal Operacional | D21: 1 | E21: ='(2)Ins.'!G28 -> 49 | F21: ='(2)Ins.'!E28 -> 6.84 | G21: =$E$21*F21 -> 335.16
B22: b. | C22: =C17 -> Pessoal Administrativo | D22: 1 | E22: ='(2)Ins.'!G29 -> 49 | F22: ='(2)Ins.'!E29 -> 1 | G22: =$E$22*F22 -> 49
A23: Despesa Mensal | G23: =SUM(G21:G22) -> 384.16
A25: 5. | B25: Uniforme
B26: a. | C26: ='(2)Ins.'!C35 -> Calça | D26: ='(2)Ins.'!F35/12 -> 0.33333333 | E26: ='(2)Ins.'!G35 -> 80 | F26: ='(2)Ins.'!E35 -> 7.84 | G26: =D26*E26*F26 -> 209.06667
B27: b. | C27: ='(2)Ins.'!C36 -> Camisa | D27: ='(2)Ins.'!F36/12 -> 0.66666667 | E27: ='(2)Ins.'!G36 -> 50 | F27: ='(2)Ins.'!E36 -> 7.84 | G27: =D27*E27*F27 -> 261.33333
B28: c. | C28: ='(2)Ins.'!C37 -> Par de Sapatos | D28: ='(2)Ins.'!F37/12 -> 0.33333333 | E28: ='(2)Ins.'!G37 -> 60 | F28: ='(2)Ins.'!E37 -> 7.84 | G28: =D28*E28*F28 -> 156.8
B29: d. | C29: ='(2)Ins.'!C38 -> Bota de Chuva | D29: ='(2)Ins.'!F38/12 -> 0.16666667 | E29: ='(2)Ins.'!G38 -> 60 | F29: ='(2)Ins.'!E38 -> 6.84 | G29: =D29*E29*F29 -> 68.4
B30: e. | C30: ='(2)Ins.'!C39 -> Capa de Chuva | D30: ='(2)Ins.'!F39/12 -> 0.66666667 | E30: ='(2)Ins.'!G39 -> 20 | F30: ='(2)Ins.'!E39 -> 6.84 | G30: =D30*E30*F30 -> 91.2
B31: f. | C31: ='(2)Ins.'!C40 -> Boné/ Chapéu | D31: ='(2)Ins.'!F40/12 -> 0.33333333 | E31: ='(2)Ins.'!G40 -> 55 | F31: ='(2)Ins.'!E40 -> 7.84 | G31: =D31*E31*F31 -> 143.73333
B32: g. | C32: ='(2)Ins.'!C41 -> Jaqueta | D32: ='(2)Ins.'!F41/12 -> 0.083333333 | E32: ='(2)Ins.'!G41 -> 120 | F32: ='(2)Ins.'!E41 -> 7.84 | G32: =D32*E32*F32 -> 78.4
A33: Despesa Mensal | G33: =SUM(G26:G32) -> 1008.9333
A35: 6. | B35: EPI
B36: a. | C36: ='(2)Ins.'!C44 -> Protetor Solar FPS 50 (120ml) | D36: 1 | E36: ='(2)Ins.'!G44 -> 39.9 | F36: ='(2)Ins.'!E44 -> 7.84 | G36: =$D$36*$E$36*F36 -> 312.816
A37: Despesa Mensal | G37: =SUM(G36) -> 312.816

Sheet (7)Comp.Desp.G
A1: Planilha 7 - Composição da Despesa Geral
A3: Descrição do Item | D3: Preço | E3: Unidade | F3: Total
A5: 1. | B5: Administrativas
B6: a. | C6: ='(2)Ins.'!C50 -> Aluguel de Instalações, Venda e Comercial | D6: ='(2)Ins.'!G50 -> 1500 | E6: R$/mês | F6: =D6 -> 1500
B7: b. | C7: ='(2)Ins.'!C51 -> Telefone Fixo e internet | D7: ='(2)Ins.'!G51 -> 149.9 | E7: ='(2)Ins.'!F51 -> R$/mês | F7: =D7 -> 149.9
B8: c. | C8: ='(2)Ins.'!C52 -> Internet (P.O.S - Chip) | D8: =('(2)Ins.'!G52)*('(3)Invest.'!D14) -> 239.2 | E8: ='(2)Ins.'!F52 -> R$/mês | F8: =D8 -> 239.2
B9: d. | C9: ='(2)Ins.'!C53 -> Energia Elétrica | D9: ='(2)Ins.'!G53 -> 150 | E9: ='(2)Ins.'!F53 -> R$/mês | F9: =D9 -> 150
B10: e. | C10: ='(2)Ins.'!C54 -> Água e Esgoto | D10: ='(2)Ins.'!G54 -> 150 | E10: ='(2)Ins.'!F54 -> R$/mês | F10: =D10 -> 150
B11: f. | C11: ='(2)Ins.'!C55 -> Propaganda e Publicidade | D11: ='(2)Ins.'!G55 -> 200 | E11: ='(2)Ins.'!F55 -> R$/mês | F11: =D11 -> 200
B12: g. | C12: ='(2)Ins.'!C56 -> Seguro Patrimonial | D12: ='(2)Ins.'!G56 -> 200 | E12: ='(2)Ins.'!F56 -> R$/mês | F12: =D12 -> 200
B13: h. | C13: ='(2)Ins.'!C57 -> Material de Escritório | D13: ='(2)Ins.'!G57 -> 150 | E13: ='(2)Ins.'!F57 -> R$/mês | F13: =D13 -> 150
B14: i. | C14: ='(2)Ins.'!C58 -> Material de Limpeza e Conservação | D14: ='(2)Ins.'!G58 -> 150 | E14: ='(2)Ins.'!F58 -> R$/mês | F14: =D14 -> 150
A15: Total da Despesa Mensal | F15: =SUM(F6:F14) -> 2889.1
A16: Ocorrência Anual | F16: 12
A17: Total da Despesa Anual | F17: =F15*F16 -> 34669.2
A19: 2. | B19: Serviço de Terceiro:
B20: a. | C20: ='(2)Ins.'!C61 -> Honorários Advocatícios | D20: ='(2)Ins.'!G61 -> 300 | E20: ='(2)Ins.'!F61 -> R$/mês | F20: =D20 -> 300
B21: b. | C21: ='(2)Ins.'!C62 -> Honorários Contábeis | D21: ='(2)Ins.'!G62 -> 300 | E21: ='(2)Ins.'!F62 -> R$/mês | F21: =D21 -> 300
B22: c. | C22: ='(2)Ins.'!C63 -> Exames médico - admissional e dimensional | D22: ='(2)Ins.'!G63 -> 50 | E22: ='(2)Ins.'!F63 -> R$/mês | F22: =D22 -> 50
B23: d. | C23: ='(2)Ins.'!C64 -> Laudo de segurança do trabalho | D23: ='(2)Ins.'!G64 -> 50 | E23: ='(2)Ins.'!F64 -> R$/mês | F23: =D23 -> 50
B24: e. | C24: ='(2)Ins.'!C65 -> Vigilância Patrimonial | D24: ='(2)Ins.'!G65 -> 149.9 | E24: ='(2)Ins.'!F65 -> R$/mês | F24: =D24 -> 149.9
A25: Total da Despesa Mensal | F25: =SUM(F20:F24) -> 849.9
A26: Ocorrência Anual | F26: 12
A27: Total da Despesa Anual | F27: =F25*F26 -> 10198.8
A29: 3. | B29: Operacionais:
B30: a. | C30: ='(2)Ins.'!C68 -> Licenças e Manutenção com Software | D30: ='(2)Ins.'!G68 -> 650 | E30: ='(2)Ins.'!F68 -> R$/mês | F30: =D30 -> 650
B31: b. | C31: ='(2)Ins.'!C69 -> Manutenção Infraestrutura de TI | D31: ='(2)Ins.'!G69 -> 500 | E31: ='(2)Ins.'!F69 -> R$/mês | F31: =D31 -> 500
B32: c. | C32: ='(2)Ins.'!C70 -> Manutenção e Reposição de Sinalização Vertical | D32: ='(2)Ins.'!G70 -> 306 | E32: ='(2)Ins.'!F70 -> R$/ano | F32: =D32 -> 306
B33: d. | C33: ='(2)Ins.'!C71 -> Manutenção e Reposição de Sinalização Horizontal | D33: ='(2)Ins.'!G71 -> 1395.36 | E33: ='(2)Ins.'!F71 -> R$/ano | F33: =D33 -> 1395.36
B34: e. | C34: ='(2)Ins.'!C72 -> Hospedagem - Armazenamento na Nuvem | D34: ='(2)Ins.'!G72 -> 249.9 | E34: ='(2)Ins.'!F72 -> R$/mês | F34: =D34 -> 249.9
B35: f. | C35: ='(2)Ins.'!C73 -> Bobina - P.O.S. | D35: ='(2)Ins.'!G73 -> 249.9 | E35: ='(2)Ins.'!F73 -> R$/mês | F35: =D35 -> 249.9
A36: Total da Despesa Mensal | F36: =SUM(F30:F35) -> 3351.16
A37: Ocorrência Anual | F37: 12
A38: Total da Despesa Anual | F38: =F36*F37 -> 40213.92

Sheet (8)Comp.Veic.Ocr
A1: Planilha 8 - Composição da Despesa com Veículo de Fiscalização OCR
A3: A. | B3: Premissas Básicas:
A4: 1. | B4: Informação Técnica do Veículo
A5: Descrição do Item | D5: Unidade | E5: Caraterísticas | G5: Referência
B6: a. | C6: Quantidade de Veículos | D6: veíc. | E6: ='(3)Invest.'!D6 -> 1 | G6: -
B7: d. | C7: Fabricante | D7: - | E7: Chevrolet | G7: Certificado de Registo de Veículo - CRV
B8: e. | C8: Marca | D8: - | E8: Chevrolet | G8: Certificado de Registo de Veículo - CRV
B9: f. | C9: Modelo | D9: - | E9: Onix | G9: Certificado de Registo de Veículo - CRV
B10: g. | C10: Ano de Fabricação | D10: mm/aa | E10: 23 | G10: Certificado de Registo de Veículo - CRV
B11: h. | C11: Ano do Modelo | D11: mm/aa | E11: 23 | G11: Certificado de Registo de Veículo - CRV
B12: i. | C12: Cilindrada | D12: cm³ | E12: 999.1 | G12: Certificado de Registo de Veículo - CRV
B13: j. | C13: Potência do Motor | D13: CV | E13: 82 | G13: Certificado de Registo de Veículo - CRV
B14: k. | C14: Tipo de Combustível | D14: - | E14: Flex | G14: Certificado de Registo de Veículo - CRV
B15: l. | C15: Bitola do Pneu | D15: - | E15: 185/65R1513 | G15: Fabricante
A17: 2. | B17: Informação Financeira do Veículo
A18: Descrição do Item | D18: Unidade | E18: Resultado | G18: Referência
B19: a. | C19: Preço do Veículo Novo com rodagem | D19: R$/veíc. | E19: ='(3)Invest.'!E6 -> 80000 | G19: -
B20: b. | C20: Preço do Veículo Novo sem rodagem | D20: R$/veíc. | E20: =E19-(E23+E22) -> 79700 | G20: -
B21: c. | C21: Preço Combustível | D21: R$/litro | E21: 6.7 | G21: Cotação do fornecedor
B22: d. | C22: Preço do Pneu | D22: R$/unid. | E22: 300 | G22: Cotação do fornecedor
B23: e. | C23: Preço da Câmara | D23: =D22 -> R$/unid. | E23: 0 | G23: Cotação do fornecedor
B24: f. | C24: Preço da Recapagem | D24: R$/serv. | E24: 0 | G24: -
B25: g. | C25: Preço da Lavação e Higienização | D25: =D24 -> R$/serv. | E25: 65 | G25: Preço de mercado
B26: i. | C26: Preço do Óleo do Cárter | D26: R$/litro | E26: 45 | G26: Cotação do fornecedor
B27: j. | C27: Preço do Óleo do Câmbio | D27: R$/litro | E27: 60 | G27: Cotação do fornecedor
B28: k. | C28: Preço do Óleo do Diferencial | D28: R$/litro | E28: 0 | G28: -
B29: l. | C29: Preço do Óleo da Direção Hidráulica | D29: R$/litro | E29: 0 | G29: -
B30: m. | C30: Preço do Fluído de Arrefecimento | D30: =D29 -> R$/litro | E30: 0 | G30: -
B31: n. | C31: Preço do Fluído de Embreagem | D31: =D30 -> R$/litro | E31: 0 | G31: -
B32: o. | C32: Preço do Fluído do Sistema de Freios | D32: =D31 -> R$/litro | E32: 30 | G32: Cotação do fornecedor
B33: p. | C33: Emplacamento, Licenciamento, Taxas e IPVA | D33: R$/veíc.ano | E33: 1050 | G33: Detran
B34: q. | C34: Seguro Obrigatório | D34: =D33 -> R$/veíc.ano | E34: 60 | G34: Detran
A36: 3. | B36: Informação Operacional do Veículo
A37: Descrição do Item | D37: Unidade | E37: Resultado | G37: Referência
B38: a. | C38: Quilometragem Média Mensal | D38: km/mês | E38: 1500 | G38: Desenvolvimento do serviço
A40: B. | B40: Memória de Cálculo:
A41: 1. | B41: Custo Fixo
A42: Descrição | D42: Método | E42: Coeficiente | G42: Und. | H42: Preço (R$) | I42: Preço (R$/veic.mês) | J42: Preço (R$/km)
E43: Anual | F43: Mensal
B44: a. | C44: Emplacamento, Licenciamento, Taxas e IPVA | D44: Rateio Mensal | E44: 1 | F44: 12 | G44: =D33 -> R$/veíc.ano | H44: =E33 -> 1050 | I44: =H44/F44 -> 87.5 | J44: =IF($E$38=0,0,I44/$E$38) -> 0.058333333
B45: b. | C45: Seguro Obrigatório | D45: Rateio Mensal | E45: 1 | F45: 12 | G45: =D34 -> R$/veíc.ano | H45: =E34 -> 60 | I45: =H45/F45 -> 5 | J45: =IF($E$38=0,0,I45/$E$38) -> 0.0033333333
B46: c. | C46: Seguro do Casco | D46: Rateio Mensal | E46: 0.03 | F46: =E46/12 -> 0.0025 | G46: =G45 -> R$/veíc.ano | H46: =E19 -> 80000 | I46: =H46*F46 -> 200 | J46: =IF($E$38=0,0,I46/$E$38) -> 0.13333333
B47: d. | C47: Seguro de Responsabilidade Civil | D47: Rateio Mensal | E47: 0.03 | F47: =E47/12 -> 0.0025 | G47: =G46 -> R$/veíc.ano | H47: =E19 -> 80000 | I47: =H47*F47 -> 200 | J47: =IF($E$38=0,0,I47/$E$38) -> 0.13333333
A48: Custo por Quilômetro | J48: =SUM(J44:J47) -> 0.32833333
A49: Quilometragem Média Mensal | J49: =E38 -> 1500
A50: Veículo | J50: =E6 -> 1
A51: Custo Fixo Mensal | J51: =($J$48*$J$49)*J50 -> 492.5
A52: 2. | B52: Custo Variável
A53: Descrição | D53: Referência | E53: Capacidade | F53: Fator Consumo (km) | G53: Coeficiente | H53: Unidade | I53: Preço Unitário (R$) | J53: Preço (R$/km)
A55: 2.1. | B55: Combustível
B56: a. | C56: Capacidade do Tanque de Combustível | D56: Reservatório | E56: 44 | F56: 500 | G56: =IF(F56=0,0,E56/F56) -> 0.088 | H56: =D21 -> R$/litro | I56: =E21 -> 6.7 | J56: =IF(G56=0,0,I56*G56) -> 0.5896
A57: 2.2. | B57: Lubrificante
B58: a. | C58: Óleo do Cárter | D58: Reservatório | E58: 3 | F58: 5000 | G58: =E58/F58 -> 0.0006 | H58: =D26 -> R$/litro | I58: =E26 -> 45 | J58: =IF(G58=0,0,I58*G58) -> 0.027
B59: b. | C59: Óleo do Câmbio | D59: Reservatório | E59: 1 | F59: 5000 | G59: =E59/F59 -> 0.0002 | H59: =H58 -> R$/litro | I59: =E27 -> 60 | J59: =IF(G59=0,0,I59*G59) -> 0.012
B60: c. | C60: Óleo do Diferencial | D60: Reservatório | E60: 0 | F60: 5000 | G60: =E60/F60 -> 0 | H60: =H59 -> R$/litro | I60: =E28 -> 0 | J60: =IF(G60=0,0,I60*G60) -> 0
B61: d. | C61: Óleo da Direção Hidráulica | D61: Reservatório | E61: 0 | F61: 5000 | G61: =E61/F61 -> 0 | H61: =H60 -> R$/litro | I61: =E29 -> 0 | J61: =IF(G61=0,0,I61*G61) -> 0
A62: 2.3. | B62: Fluídos
B63: a. | C63: Arrefecimento | D63: Reservatório | E63: 2 | F63: 5000 | G63: =E63/F63 -> 0.0004 | H63: =D30 -> R$/litro | I63: =E30 -> 0 | J63: =IF(G63=0,0,I63*G63) -> 0
B64: b. | C64: Embreagem | D64: Reservatório | E64: 0.5 | F64: 10000 | G64: =E64/F64 -> 5e-05 | H64: =D31 -> R$/litro | I64: =E31 -> 0 | J64: =IF(G64=0,0,I64*G64) -> 0
B65: c. | C65: Sistema de Freios | D65: Reservatório | E65: 0.5 | F65: 10000 | G65: =E65/F65 -> 5e-05 | H65: =D32 -> R$/litro | I65: =E32 -> 30 | J65: =IF(G65=0,0,I65*G65) -> 0.0015
A66: 2.4. | B66: Rodagem
B67: a. | C67: Pneus | D67: peça | E67: 4 | F67: 40000 | G67: =E67/F67 -> 0.0001 | H67: =D22 -> R$/unid. | I67: =E22 -> 300 | J67: =IF(G67=0,0,I67*G67) -> 0.03
B68: b. | C68: Câmara | D68: =D67 -> peça | E68: 0 | F68: 40000 | G68: =E68/F68 -> 0 | H68: =D23 -> R$/unid. | I68: =E23 -> 0 | J68: =IF(G68=0,0,I68*G68) -> 0
B69: c. | C69: Recapagem | D69: =D68 -> peça | E69: 0 | F69: 40000 | G69: =E69/F69 -> 0 | H69: =D24 -> R$/serv. | I69: =E24 -> 0 | J69: =IF(G69=0,0,I69*G69) -> 0
A70: 2.5. | B70: Peças e Acessórios
B71: a. | C71: Peças e Acessórios | D71: VB/a.a* | E71: 0.01 | F71: - | G71: =IF(E38=0,0,E71/E38) -> 6.6666667e-06 | H71: =D20 -> R$/veíc. | I71: =E20 -> 79700 | J71: =IF(G71=0,0,I71*G71) -> 0.53133333
A72: 2.6. | B72: Lavação e Higienização
B73: a. | C73: Lavação e Higienização** | D73: Serviço | E73: 4 | F73: =E38 -> 1500 | G73: =IF(F73=0,0,E73/F73) -> 0.0026666667 | H73: =D25 -> R$/serv. | I73: =E25 -> 65 | J73: =IF(G73=0,0,I73*G73) -> 0.17333333
A74: Custo por Quilômetro | J74: =SUM(J56:J73) -> 1.3647667
A75: Quilometragem Média Mensal | J75: =E38 -> 1500
A76: Veículo | J76: =E6 -> 1
A77: Custo Variável Mensal | J77: =($J$74*$J$75)*J76 -> 2047.15

Sheet (10)Comp.Deprec.
A1: Planilha 10 - Composição da Depreciação de Veículo, Máquina e Equipamento
A3: A. | B3: Premissas Básicas:
A4: 1. | B4: Depreciação do Capital
A5: Descrição do Item | G5: Método | H5: Vida Útil (anos) | I5: Valor Residual (%) | J5: Coeficiente
J6: Anual | K6: Mensal
B7: a. | C7: Depreciação de Veículo | G7: Linear | H7: 15 | I7: 0.1 | J7: =(100%-I7)/H7 -> 0.06 | K7: =J7/12 -> 0.005
B8: b. | C8: Mobiliário | G8: Linear | H8: 10 | I8: - | J8: =100%/H8 -> 0.1 | K8: =J8/12 -> 0.0083333333
B9: c. | C9: Depreciação de Equipamentos Eletrônicos, Parquímetros, TI e Comunicação | G9: Linear | H9: 5 | I9: - | J9: =100%/H9 -> 0.2 | K9: =J9/12 -> 0.016666667
B10: d. | C10: Depreciação de Sinalização Vertical | G10: Linear | H10: 10 | I10: - | J10: =100%/H10 -> 0.1 | K10: =J10/12 -> 0.0083333333
B11: e. | C11: Depreciação de Sinalização Horizontal | G11: Linear | H11: 2 | I11: - | J11: =100%/H11 -> 0.5 | K11: =J11/12 -> 0.041666667
B12: f. | C12: Depreciação das Demais Sinalizações | G12: Linear | H12: =H9 -> 5 | I12: - | J12: =100%/H12 -> 0.2 | K12: =J12/12 -> 0.016666667
A14: 2. | B14: Frota Vinculada e Quilometragem Média Mensal
A15: Descrição do Item | F15: Unidade | G15: Quantidade | J15: Unidade | K15: Quilometragem
B16: a. | C16: Veículo de Fiscalização OCR | F16: veíc. | G16: ='(8)Comp.Veic.Ocr'!E6 -> 1 | J16: km/mês | K16: ='(8)Comp.Veic.Ocr'!E38 -> 1500
A18: B. | B18: Memória de Cálculo:
A19: 1. | B19: Depreciação por Tipo de Veículos
A21: 1.1. | B21: =C16 -> Veículo de Fiscalização OCR
A22: Descrição | G22: Coeficiente | I22: Preço (R$/veíc.) | J22: Preço (R$/veic.mês) | K22: Preço (R$/km)
G23: Anual | H23: Mensal
B24: a. | C24: =C16 -> Veículo de Fiscalização OCR | G24: =J7 -> 0.06 | H24: =K7 -> 0.005 | I24: ='(8)Comp.Veic.Ocr'!E19 -> 80000 | J24: =I24*H24 -> 400 | K24: =IF(K16=0,0,J24/K16) -> 0.26666667
A25: Quilometragem Média Mensal | K25: =K16 -> 1500
A26: Veículo | K26: =G16 -> 1
A27: Custo Mensal | K27: =($K$24*$K$25)*K26 -> 400
A29: 2. | B29: Depreciação de Máquinas e Equipamentos
A30: Descrição do Item | D30: Coeficiente | F30: Investimento (R$) | G30: Depreciação (R$/mês)
D32: Anual | E32: Mensal
B33: a. | C33: ='(3)Invest.'!C10 -> Mobiliário e Reformas da Central de Atendimento | D33: =J8 -> 0.1 | E33: =K8 -> 0.0083333333 | F33: ='(3)Invest.'!F10 -> 10000 | G33: =F33*$E$33 -> 83.333333
A34: Custo Mensal | G34: =SUM(G33) -> 83.333333
A35: Ocorrência Anual | G35: 12
A36: Custo Anual | G36: =G34*G35 -> 1000
A38: 3. | B38: =C9 -> Depreciação de Equipamentos Eletrônicos, Parquímetros, TI e Comunicação
A39: Descrição do Item | D39: Coeficiente | F39: Investimento (R$) | G39: Depreciação (R$/mês)
D41: Anual | E41: Mensal
B42: a. | C42: ='(3)Invest.'!C14 -> P.O.S. Monitor | D42: =$J$9 -> 0.2 | E42: =$K$9 -> 0.016666667 | F42: ='(3)Invest.'!F14 -> 10400 | G42: =F42*$E$42 -> 173.33333
B43: b. | C43: ='(3)Invest.'!C15 -> P.O.S. Ponto de Venda | D43: =$J$9 -> 0.2 | E43: =$K$9 -> 0.016666667 | F43: ='(3)Invest.'!F15 -> 18200 | G43: =F43*$E$43 -> 303.33333
B44: c. | C44: ='(3)Invest.'!C16 -> Computador de uso administrativo | D44: =$J$9 -> 0.2 | E44: =$K$9 -> 0.016666667 | F44: ='(3)Invest.'!F16 -> 3500 | G44: =F44*$E$44 -> 58.333333
B45: d. | C45: ='(3)Invest.'!C17 -> Nobreak | D45: =$J$9 -> 0.2 | E45: =$K$9 -> 0.016666667 | F45: ='(3)Invest.'!F17 -> 950 | G45: =F45*$E$45 -> 15.833333
B46: e. | C46: ='(3)Invest.'!C18 -> Impressora Multifuncional | D46: =$J$9 -> 0.2 | E46: =$K$9 -> 0.016666667 | F46: ='(3)Invest.'!F18 -> 1500 | G46: =F46*$E$46 -> 25
A47: Custo Mensal | G47: =SUM(G42:G46) -> 575.83333
A48: Ocorrência Anual | G48: 12
A49: Custo Anual | G49: =G47*G48 -> 6910
A51: 4. | B51: =C10 -> Depreciação de Sinalização Vertical
A52: Descrição do Item | D52: Coeficiente | F52: Investimento (R$) | G52: Depreciação (R$/mês)
D54: Anual | E54: Mensal
B55: a. | C55: ='(3)Invest.'!C23 -> Sinalização Vertical (un) (incluindo demais sinalizações dentro da area do estacionamento rotativo) | D55: =J10 -> 0.1 | E55: =K10 -> 0.0083333333 | F55: ='(3)Invest.'!F23 -> 30600 | G55: =F55*$E$55 -> 255
A56: Custo Mensal | G56: =SUM(G55) -> 255
A57: Ocorrência Anual | G57: 12
A58: Custo Anual | G58: =G56*G57 -> 3060
A60: 5. | B60: =C11 -> Depreciação de Sinalização Horizontal
A61: Descrição do Item | D61: Coeficiente | F61: Investimento (R$) | G61: Depreciação (R$/mês)
D63: Anual | E63: Mensal
B64: a. | C64: ='(3)Invest.'!C24 -> Sinalização Horizontal (m²) (incluindo faixas de pedestre, e demais sinalizações dentro do estacionamento rotativo) | D64: =J11 -> 0.5 | E64: =K11 -> 0.041666667 | F64: ='(3)Invest.'!F24 -> 139536 | G64: =F64*$E$64 -> 5814
A65: Custo Mensal | G65: =SUM(G64:G64) -> 5814
A66: Ocorrência Anual | G66: 12
A67: Custo Anual | G67: =G65*G66 -> 69768

Sheet (11)Proj.Deprec.
A1: Planilha 11 - Projeção da Depreciação Total
A4: Ano | B4: 1 | C4: 2 | D4: 3 | E4: 4 | F4: 5
A5: 1 | B5: =('(10)Comp.Deprec.'!K27+'(10)Comp.Deprec.'!G34+'(10)Comp.Deprec.'!I47+'(10)Comp.Deprec.'!I56+'(10)Comp.Deprec.'!I65)*12 -> 5800 | C5: =B5 -> 5800 | D5: =B5 -> 5800 | E5: =D5 -> 5800 | F5: =E5 -> 5800
A6: 2
A7: 3
A8: 4
A9: 5
A10: Total | B10: =SUM(B5:B9) -> 5800 | C10: =SUM(C5:C9) -> 5800 | D10: =SUM(D5:D9) -> 5800 | E10: =SUM(E5:E9) -> 5800 | F10: =SUM(F5:F8) -> 5800
F11: =SUM(B10:F10) -> 29000

Sheet (12)Comp.Prev.Fat
A1: Planilha 12 - Composição da Previsão de Faturamento
D3: Ano 1 | E3: Ano 2 | F3: Ano 3 | G3: Ano 4 | H3: Ano 5
A4: A. Demonstrativo de Faturamneto Bruto Carros | D4: Implantação | E4: Projeção | F4: Projeção | G4: Projeção | H4: Projeção
A6: 1. | B6: Atualização Monetária pelo IPCA | C6: 0.02 | D6: =C6 -> 0.02 | E6: =D6 -> 0.02 | F6: =E6 -> 0.02 | G6: =F6 -> 0.02 | H6: =G6 -> 0.02
A8: 2. | B8: Número de Vagas Pagantes | D8: ='(1)Premis.'!C5 -> 684 | E8: =$D$8 -> 684 | F8: =$D$8 -> 684 | G8: =$D$8 -> 684 | H8: =$D$8 -> 684
A10: 3. | B10: Taxa de Respeito | C10: 0.015 | D10: ='(1)Premis.'!C9 -> 2.5 | E10: =D10+(D10*$C$10) -> 2.5375 | F10: =E10+(E10*$C$10) -> 2.5755625 | G10: =F10+(F10*$C$10) -> 2.6141959 | H10: =G10+(G10*$C$10) -> 2.6534089
A12: 4. | B12: Taxa de Ocupação | D12: ='(1)Premis.'!C10 -> 0.6 | E12: =D12 -> 0.6 | F12: =E12 -> 0.6 | G12: =F12 -> 0.6 | H12: =G12 -> 0.6
A14: 5. | B14: Taxa de Ocupação Efetiva (4 x 5) | D14: =D12*D10 -> 1.5 | E14: =E12*E10 -> 1.5225 | F14: =F12*F10 -> 1.5453375 | G14: =G12*G10 -> 1.5685176 | H14: =H12*H10 -> 1.5920453
A16: 6. | B16: Quantidade de Horas Mensais Disponiveis | D16: =(('(1)Premis.'!C13*5)+'(1)Premis.'!C15)*4 -> 176 | E16: =$D$16 -> 176 | F16: =$D$16 -> 176 | G16: =$D$16 -> 176 | H16: =$D$16 -> 176
A18: 7. | B18: Tarifa Básica de Utilização (R$/hora) | C18: ='(1)Premis.'!C11 -> 2.5 | D18: =C18 -> 2.5 | E18: =MROUND(D18+(D18*E6),0.1) -> 2.6 | F18: =MROUND(E18+(E18*F6),0.1) -> 2.7 | G18: =MROUND(F18+(F18*G6),0.1) -> 2.8 | H18: =MROUND(G18+(G18*H6),0.1) -> 2.9
A20: 8. | B20: Receita Bruta Mensal ( 2 x 5 x 6 x 7) | D20: =D8*D14*D16*D18 -> 451440 | E20: =E8*E14*E16*E18 -> 476540.06 | F20: =F8*F14*F16*F18 -> 502291.56 | G20: =G8*G14*G16*G18 -> 528708.37 | H20: =H8*H14*H16*H18 -> 555804.68
A22: 9. | B22: Receita Bruta Anual | C22: 12 | D22: =D20*$C$22 -> 5417280 | E22: =E20*$C$22 -> 5718480.8 | F22: =F20*$C$22 -> 6027498.7 | G22: =G20*$C$22 -> 6344500.5 | H22: =H20*$C$22 -> 6669656.1

Sheet (13)Comp.Desp.Gat
A1: Planilha 13 - Composição da Despesa com Gateway de Pagamento
A3: A. Memória de Calculo
A4: Descrição | D4: Unidade | E4: Quantidade | F4: Valor Base
A5: 1. | B5: Premissas
B6: a. | C6: Faturamento Mensal | D6: R$/ano | E6: - | F6: ='(12)Comp.Prev.Fat'!D20 -> 451440
B7: b. | C7: Parcela de pagamento em moeda nacional | D7: % | E7: 0.2 | F7: =$F$6*E7 -> 90288
B8: c. | C8: Parcela de pagamento em cartão de crédito | D8: % | E8: 0.2 | F8: =$F$6*E8 -> 90288
B9: d. | C9: Parcela de pagamento em cartão de débito | D9: % | E9: 0.15 | F9: =$F$6*E9 -> 67716
B10: e. | C10: Parcela de pagamento via PIX | D10: % | E10: 0.35 | F10: =$F$6*E10 -> 158004
B11: f. | C11: Parcela de pagamentos nos PDV | D11: % | E11: 0.1 | F11: =$F$6*E11 -> 45144
A13: 2. | B13: Taxas
B14: a. | C14: Taxa Cartão de Crédito | D14: % | E14: 0.05 | F14: =F8*E14 -> 4514.4
B15: b. | C15: Taxa Cartão de Débito | D15: % | E15: 0.02 | F15: =F9*E15 -> 1354.32
B16: c. | C16: Taxa de PIX | D16: % | E16: 0.02 | F16: =F10*E16 -> 3160.08
B17: d. | C17: Comissão do PDV | D17: % | E17: 0.05 | F17: =F11*E17 -> 2257.2
A19: 3. | B19: Despesas Anual com Gateway de Pagamento
B20: a. | C20: Taxa Cartão de Crédito | D20: =F14 -> 4514.4
B21: b. | C21: Taxa Cartão de Débito | D21: =F15 -> 1354.32
B22: c. | C22: Taxa de PIX | D22: =F16 -> 3160.08
B23: d. | C23: Comissão do PDV | D23: =F17 -> 2257.2
A25: 4. | B25: Todal das Despesas Mensais com Gateway - Vagas de Carros | D25: =SUM(D20:F23) -> 11286
A27: 5. | B27: Todal das Despesas Anuais com Gateway - Vagas de Carros | D27: =D25*'(12)Comp.Prev.Fat'!C22 -> 135432

Sheet (14)Orç.Tot
A1: Planilha 14 - Orçamento Anual do Custo do Serviço
A3: Composição do Orçamento | F3: Mensal | G3: Ocorrência | I3: Anual | J3: Participação
A4: 1. | B4: Despesa com Pessoal | E4: R$/mês | F4: =F5+F7 -> 28933.996 | G4: 12 | H4: R$/ano | I4: =I5+I7 -> 347207.95 | J4: =J5+J7+#REF! -> #REF!
B5: 1.1. | C5: ='(5)Comp.Pessoal'!B5 -> Pessoal Operacional | E5: =E4 -> R$/mês | F5: =SUM(F6:F6) -> 23507.515 | G5: 12 | H5: =H4 -> R$/ano | I5: =SUM(I6:I6) -> 282090.18 | J5: =SUM(J6:J6) -> 0.38278089
C6: b. | D6: ='(5)Comp.Pessoal'!C6 -> Monitor | E6: =E5 -> R$/mês | F6: ='(5)Comp.Pessoal'!H6 -> 23507.515 | G6: 12 | H6: =H5 -> R$/ano | I6: =F6*G6 -> 282090.18 | J6: =I6/$I$74 -> 0.38278089
B7: 1.2. | C7: ='(5)Comp.Pessoal'!B9 -> Pessoal Administrativo | E7: =E6 -> R$/mês | F7: =SUM(F8:F8) -> 5426.4808 | G7: 12 | H7: =H6 -> R$/ano | I7: =SUM(I8:I8) -> 65117.77 | J7: =SUM(J8:J8) -> 0.08836124
C8: a. | D8: ='(5)Comp.Pessoal'!C10 -> Gerente | E8: =E7 -> R$/mês | F8: ='(5)Comp.Pessoal'!H10 -> 5426.4808 | G8: 12 | H8: =H7 -> R$/ano | I8: =F8*G8 -> 65117.77 | J8: =I8/$I$74 -> 0.08836124
A9: 2. | B9: Despesa com Benefício Social, Uniforme e EPI | E9: =E8 -> R$/mês | F9: =F10+F13+F16+F19+F22+F30 -> 5704.3093 | G9: 12 | H9: =H8 -> R$/ano | I9: =I10+I13+I16+I19+I22+I30 -> 68451.712 | J9: =J10+J13+J16+J19+J22+J30 -> 0.092885217
B10: 2.1. | C10: ='(6)Comp.Benef.'!B5 -> Auxílio Alimentação | E10: =E9 -> R$/mês | F10: =SUM(F11:F12) -> 1176 | G10: 12 | H10: =H9 -> R$/ano | I10: =SUM(I11:I12) -> 14112 | J10: =SUM(J11:J12) -> 0.01914921
C11: a. | D11: ='(6)Comp.Benef.'!C6 -> Pessoal Operacional | E11: =E10 -> R$/mês | F11: ='(6)Comp.Benef.'!G6 -> 1026 | G11: =G10 -> 12 | H11: =H10 -> R$/ano | I11: =F11*G11 -> 12312 | J11: =I11/$I$74 -> 0.016706708
C12: b. | D12: ='(6)Comp.Benef.'!C7 -> Pessoal Administrativo | E12: =E11 -> R$/mês | F12: ='(6)Comp.Benef.'!G7 -> 150 | G12: =G11 -> 12 | H12: =H11 -> R$/ano | I12: =F12*G12 -> 1800 | J12: =I12/$I$74 -> 0.0024425012
B13: 2.2. | C13: ='(6)Comp.Benef.'!B10 -> Vale Transporte | E13: =E12 -> R$/mês | F13: =SUM(F14:F15) -> 1803.2 | G13: 12 | H13: =H12 -> R$/ano | I13: =SUM(I14:I15) -> 21638.4 | J13: =SUM(J14:J15) -> 0.029362121
C14: a. | D14: ='(6)Comp.Benef.'!C11 -> Pessoal Operacional | E14: =E13 -> R$/mês | F14: ='(6)Comp.Benef.'!G11 -> 1573.2 | G14: =G13 -> 12 | H14: =H13 -> R$/ano | I14: =F14*G14 -> 18878.4 | J14: =I14/$I$74 -> 0.025616953
C15: b. | D15: ='(6)Comp.Benef.'!C12 -> Pessoal Administrativo | E15: =E14 -> R$/mês | F15: ='(6)Comp.Benef.'!G12 -> 230 | G15: =G14 -> 12 | H15: =H14 -> R$/ano | I15: =F15*G15 -> 2760 | J15: =I15/$I$74 -> 0.0037451685
B16: 2.3. | C16: ='(6)Comp.Benef.'!B15 -> Assistência Médica e Hospitalar | E16: =E15 -> R$/mês | F16: =SUM(F17:F18) -> 1019.2 | G16: 12 | H16: =H15 -> R$/ano | I16: =SUM(I17:I18) -> 12230.4 | J16: =SUM(J17:J18) -> 0.016595982
C17: a. | D17: ='(6)Comp.Benef.'!C16 -> Pessoal Operacional | E17: =E16 -> R$/mês | F17: ='(6)Comp.Benef.'!G16 -> 889.2 | G17: =G15 -> 12 | H17: =H16 -> R$/ano | I17: =F17*G17 -> 10670.4 | J17: =I17/$I$74 -> 0.014479147
C18: b. | D18: ='(6)Comp.Benef.'!C17 -> Pessoal Administrativo | E18: =E17 -> R$/mês | F18: ='(6)Comp.Benef.'!G17 -> 130 | G18: =G17 -> 12 | H18: =H17 -> R$/ano | I18: =F18*G18 -> 1560 | J18: =I18/$I$74 -> 0.0021168344
B19: 2.4. | C19: ='(6)Comp.Benef.'!B20 -> Seguro de Vida, Invalidez e Funeral | E19: =E18 -> R$/mês | F19: =SUM(F20:F21) -> 384.16 | G19: 12 | H19: =H9 -> R$/ano | I19: =SUM(I20:I21) -> 4609.92 | J19: =SUM(J20:J21) -> 0.0062554084
C20: a. | D20: ='(6)Comp.Benef.'!C21 -> Pessoal Operacional | E20: =E19 -> R$/mês | F20: ='(6)Comp.Benef.'!G21 -> 335.16 | G20: =G19 -> 12 | H20: =H19 -> R$/ano | I20: =F20*G20 -> 4021.92 | J20: =I20/$I$74 -> 0.0054575247
C21: b. | D21: ='(6)Comp.Benef.'!C22 -> Pessoal Administrativo | E21: =E20 -> R$/mês | F21: ='(6)Comp.Benef.'!G22 -> 49 | G21: =G20 -> 12 | H21: =H20 -> R$/ano | I21: =F21*G21 -> 588 | J21: =I21/$I$74 -> 0.00079788373
B22: 2.5. | C22: ='(6)Comp.Benef.'!B25 -> Uniforme | E22: =E21 -> R$/mês | F22: =SUM(F23:F29) -> 1008.9333 | G22: 12 | H22: =H9 -> R$/ano | I22: =SUM(I23:I29) -> 12107.2 | J22: =SUM(J23:J29) -> 0.016428806
C23: a. | D23: ='(6)Comp.Benef.'!C26 -> Calça | E23: =E22 -> R$/mês | F23: ='(6)Comp.Benef.'!G26 -> 209.06667 | G23: =G22 -> 12 | H23: =H22 -> R$/ano | I23: =F23*G23 -> 2508.8 | J23: =I23/$I$74 -> 0.0034043039
C24: b. | D24: ='(6)Comp.Benef.'!C27 -> Camisa | E24: =E23 -> R$/mês | F24: ='(6)Comp.Benef.'!G27 -> 261.33333 | G24: =G23 -> 12 | H24: =H23 -> R$/ano | I24: =F24*G24 -> 3136 | J24: =I24/$I$74 -> 0.0042553799
C25: c. | D25: ='(6)Comp.Benef.'!C28 -> Par de Sapatos | E25: =E24 -> R$/mês | F25: ='(6)Comp.Benef.'!G28 -> 156.8 | G25: =G24 -> 12 | H25: =H24 -> R$/ano | I25: =F25*G25 -> 1881.6 | J25: =I25/$I$74 -> 0.0025532279
C26: d. | D26: ='(6)Comp.Benef.'!C29 -> Bota de Chuva | E26: =E25 -> R$/mês | F26: ='(6)Comp.Benef.'!G29 -> 68.4 | G26: =G25 -> 12 | H26: =H25 -> R$/ano | I26: =F26*G26 -> 820.8 | J26: =I26/$I$74 -> 0.0011137806
C27: e. | D27: ='(6)Comp.Benef.'!C30 -> Capa de Chuva | E27: =E26 -> R$/mês | F27: ='(6)Comp.Benef.'!G30 -> 91.2 | G27: =G26 -> 12 | H27: =H26 -> R$/ano | I27: =F27*G27 -> 1094.4 | J27: =I27/$I$74 -> 0.0014850407
C28: f. | D28: ='(6)Comp.Benef.'!C31 -> Boné/ Chapéu | E28: =E27 -> R$/mês | F28: ='(6)Comp.Benef.'!G31 -> 143.73333 | G28: =G27 -> 12 | H28: =H27 -> R$/ano | I28: =F28*G28 -> 1724.8 | J28: =I28/$I$74 -> 0.0023404589
C29: g. | D29: ='(6)Comp.Benef.'!C32 -> Jaqueta | E29: =E28 -> R$/mês | F29: ='(6)Comp.Benef.'!G32 -> 78.4 | G29: =G28 -> 12 | H29: =H28 -> R$/ano | I29: =F29*G29 -> 940.8 | J29: =I29/$I$74 -> 0.001276614
B30: 2.6. | C30: ='(6)Comp.Benef.'!B35 -> EPI | E30: =E29 -> R$/mês | F30: =SUM(F31) -> 312.816 | G30: 12 | H30: =H29 -> R$/ano | I30: =SUM(I31) -> 3753.792 | J30: =SUM(J31) -> 0.0050936897
C31: a. | D31: ='(6)Comp.Benef.'!C36 -> Protetor Solar FPS 50 (120ml) | E31: =E29 -> R$/mês | F31: ='(6)Comp.Benef.'!G36 -> 312.816 | G31: 12 | H31: =H29 -> R$/ano | I31: =F31*G31 -> 3753.792 | J31: =I31/$I$74 -> 0.0050936897
A32: 3. | B32: Despesas Gerais | E32: =E31 -> R$/mês | F32: =F33+F43+F49 -> 7090.16 | G32: 12 | H32: =H31 -> R$/ano | I32: =I33+I43+I49 -> 85081.92 | J32: =J33+J43+J49 -> 0.1154515
B33: 3.1. | C33: ='(7)Comp.Desp.G'!B5 -> Administrativas | E33: =E32 -> R$/mês | F33: =SUM(F34:F42) -> 2889.1 | G33: 12 | H33: =H32 -> R$/ano | I33: =SUM(I34:I42) -> 34669.2 | J33: =SUM(J34:J42) -> 0.047044202
C34: a. | D34: ='(7)Comp.Desp.G'!C6 -> Aluguel de Instalações, Venda e Comercial | E34: =E33 -> R$/mês | F34: ='(7)Comp.Desp.G'!F6 -> 1500 | G34: 12 | H34: =H33 -> R$/ano | I34: =F34*G34 -> 18000 | J34: =I34/$I$74 -> 0.024425012
C35: b. | D35: ='(7)Comp.Desp.G'!C7 -> Telefone Fixo e internet | E35: =E34 -> R$/mês | F35: ='(7)Comp.Desp.G'!F7 -> 149.9 | G35: =G34 -> 12 | H35: =H34 -> R$/ano | I35: =F35*G35 -> 1798.8 | J35: =I35/$I$74 -> 0.0024408729
C36: c. | D36: ='(7)Comp.Desp.G'!C8 -> Internet (P.O.S - Chip) | E36: =E35 -> R$/mês | F36: =('(3)Invest.'!D14)*'(2)Ins.'!G52 -> 239.2 | G36: =G35 -> 12 | H36: =H35 -> R$/ano | I36: =F36*G36 -> 2870.4 | J36: =I36/$I$74 -> 0.0038949753
C37: d. | D37: ='(7)Comp.Desp.G'!C9 -> Energia Elétrica | E37: =E36 -> R$/mês | F37: ='(7)Comp.Desp.G'!F9 -> 150 | G37: =G36 -> 12 | H37: =H36 -> R$/ano | I37: =F37*G37 -> 1800 | J37: =I37/$I$74 -> 0.0024425012
C38: e. | D38: ='(7)Comp.Desp.G'!C10 -> Água e Esgoto | E38: =E37 -> R$/mês | F38: ='(7)Comp.Desp.G'!F10 -> 150 | G38: =G37 -> 12 | H38: =H37 -> R$/ano | I38: =F38*G38 -> 1800 | J38: =I38/$I$74 -> 0.0024425012
C39: f. | D39: ='(7)Comp.Desp.G'!C11 -> Propaganda e Publicidade | E39: =E38 -> R$/mês | F39: ='(7)Comp.Desp.G'!F11 -> 200 | G39: =G38 -> 12 | H39: =H38 -> R$/ano | I39: =F39*G39 -> 2400 | J39: =I39/$I$74 -> 0.0032566683
C40: g. | D40: ='(7)Comp.Desp.G'!C12 -> Seguro Patrimonial | E40: =E39 -> R$/mês | F40: ='(7)Comp.Desp.G'!F12 -> 200 | G40: =G39 -> 12 | H40: =H39 -> R$/ano | I40: =F40*G40 -> 2400 | J40: =I40/$I$74 -> 0.0032566683
C41: h. | D41: ='(7)Comp.Desp.G'!C13 -> Material de Escritório | E41: =E40 -> R$/mês | F41: ='(7)Comp.Desp.G'!F13 -> 150 | G41: =G40 -> 12 | H41: =H40 -> R$/ano | I41: =F41*G41 -> 1800 | J41: =I41/$I$74 -> 0.0024425012
C42: i. | D42: ='(7)Comp.Desp.G'!C14 -> Material de Limpeza e Conservação | E42: =E41 -> R$/mês | F42: ='(7)Comp.Desp.G'!F14 -> 150 | G42: =G41 -> 12 | H42: =H41 -> R$/ano | I42: =F42*G42 -> 1800 | J42: =I42/$I$74 -> 0.0024425012
B43: 3.2. | C43: ='(7)Comp.Desp.G'!B19 -> Serviço de Terceiro: | E43: =E42 -> R$/mês | F43: =SUM(F44:F48) -> 849.9 | G43: 12 | H43: =H42 -> R$/ano | I43: =SUM(I44:I48) -> 10198.8 | J43: =SUM(J44:J48) -> 0.013839212
C44: a. | D44: ='(7)Comp.Desp.G'!C20 -> Honorários Advocatícios | E44: =E43 -> R$/mês | F44: ='(7)Comp.Desp.G'!F20 -> 300 | G44: 12 | H44: =H43 -> R$/ano | I44: =F44*G44 -> 3600 | J44: =I44/$I$74 -> 0.0048850024
C45: b. | D45: ='(7)Comp.Desp.G'!C21 -> Honorários Contábeis | E45: =E44 -> R$/mês | F45: ='(7)Comp.Desp.G'!F21 -> 300 | G45: 12 | H45: =H44 -> R$/ano | I45: =F45*G45 -> 3600 | J45: =I45/$I$74 -> 0.0048850024
C46: c. | D46: ='(7)Comp.Desp.G'!C22 -> Exames médico - admissional e dimensional | E46: =E45 -> R$/mês | F46: ='(7)Comp.Desp.G'!F22 -> 50 | G46: 12 | H46: =H45 -> R$/ano | I46: =F46*G46 -> 600 | J46: =I46/$I$74 -> 0.00081416707
C47: d. | D47: ='(7)Comp.Desp.G'!C23 -> Laudo de segurança do trabalho | E47: =E46 -> R$/mês | F47: ='(7)Comp.Desp.G'!F23 -> 50 | G47: 12 | H47: =H46 -> R$/ano | I47: =F47*G47 -> 600 | J47: =I47/$I$74 -> 0.00081416707
C48: e. | D48: ='(7)Comp.Desp.G'!C24 -> Vigilância Patrimonial | E48: =E47 -> R$/mês | F48: ='(7)Comp.Desp.G'!F24 -> 149.9 | G48: 12 | H48: =H47 -> R$/ano | I48: =F48*G48 -> 1798.8 | J48: =I48/$I$74 -> 0.0024408729
B49: 3.3. | C49: ='(7)Comp.Desp.G'!B29 -> Operacionais: | E49: =E48 -> R$/mês | F49: =SUM(F50:F55) -> 3351.16 | G49: 12 | H49: =H48 -> R$/ano | I49: =SUM(I50:I55) -> 40213.92 | J49: =SUM(J50:J55) -> 0.054568082
C50: a. | D50: ='(7)Comp.Desp.G'!C30 -> Licenças e Manutenção com Software | E50: =E49 -> R$/mês | F50: ='(7)Comp.Desp.G'!F30 -> 650 | G50: 12 | H50: =H49 -> R$/ano | I50: =F50*G50 -> 7800 | J50: =I50/$I$74 -> 0.010584172
C51: b. | D51: ='(7)Comp.Desp.G'!C31 -> Manutenção Infraestrutura de TI | E51: =E50 -> R$/mês | F51: ='(7)Comp.Desp.G'!F31 -> 500 | G51: 12 | H51: =H50 -> R$/ano | I51: =F51*G51 -> 6000 | J51: =I51/$I$74 -> 0.0081416707
C52: c. | D52: ='(7)Comp.Desp.G'!C32 -> Manutenção e Reposição de Sinalização Vertical | E52: =E51 -> R$/mês | F52: ='(7)Comp.Desp.G'!F32 -> 306 | G52: 12 | H52: =H51 -> R$/ano | I52: =F52*G52 -> 3672 | J52: =I52/$I$74 -> 0.0049827025
C53: d. | D53: ='(7)Comp.Desp.G'!C33 -> Manutenção e Reposição de Sinalização Horizontal | E53: =E52 -> R$/mês | F53: ='(7)Comp.Desp.G'!F33 -> 1395.36 | G53: 12 | H53: =H52 -> R$/ano | I53: =F53*G53 -> 16744.32 | J53: =I53/$I$74 -> 0.022721123
C54: e. | D54: ='(7)Comp.Desp.G'!C34 -> Hospedagem - Armazenamento na Nuvem | E54: =E53 -> R$/mês | F54: ='(7)Comp.Desp.G'!F34 -> 249.9 | G54: 12 | H54: =H53 -> R$/ano | I54: =F54*G54 -> 2998.8 | J54: =I54/$I$74 -> 0.004069207
C55: f. | D55: ='(7)Comp.Desp.G'!C35 -> Bobina - P.O.S. | E55: =E54 -> R$/mês | F55: ='(7)Comp.Desp.G'!F35 -> 249.9 | G55: 12 | H55: =H54 -> R$/ano | I55: =F55*G55 -> 2998.8 | J55: =I55/$I$74 -> 0.004069207
A56: 4. | B56: Despesa com Veículo | E56: =E54 -> R$/mês | F56: =F57 -> 1269.825 | H56: =H54 -> R$/ano | I56: =I57 -> 15237.9 | J56: =J57 -> 0.020676994
B57: 4.2. | C57: Veículo de Fiscalização OCR | E57: =E56 -> R$/mês | F57: =SUM(F58:F59) -> 1269.825 | H57: =H56 -> R$/ano | I57: =SUM(I58:I59) -> 15237.9 | J57: =SUM(J58:J59) -> 0.020676994
C58: a. | D58: Custo Fixo | E58: =E57 -> R$/mês | F58: ='(8)Comp.Veic.Ocr'!J51/2 -> 246.25 | G58: 12 | H58: =H56 -> R$/ano | I58: =F58*G58 -> 2955 | J58: =I58/$I$74 -> 0.0040097728
C59: b. | D59: Custo Variável | E59: =E58 -> R$/mês | F59: ='(8)Comp.Veic.Ocr'!J77/2 -> 1023.575 | G59: =G58 -> 12 | H59: =H58 -> R$/ano | I59: =F59*G59 -> 12282.9 | J59: =I59/$I$74 -> 0.016667221
A60: 5. | B60: Despesa com Depreciação de Capital | E60: =E59 -> R$/mês | F60: =F61+F63+F65+F67+F69 -> 7128.1667 | H60: =H59 -> R$/ano | I60: =I61+I63+I65+I67+I69 -> 85538 | J60: =J61+J63+J65+J67+J69 -> 0.11607037
B61: 5.2. | C61: Veículo de Fiscalização OCR | E61: =E60 -> R$/mês | F61: =SUM(F62:F62) -> 400 | H61: =H60 -> R$/ano | I61: =SUM(I62:I62) -> 4800 | J61: =SUM(J62:J62) -> 0.0065133366
C62: a. | D62: Custo | E62: =E61 -> R$/mês | F62: ='(10)Comp.Deprec.'!K27 -> 400 | G62: 12 | H62: =H61 -> R$/ano | I62: =F62*G62 -> 4800 | J62: =I62/$I$74 -> 0.0065133366
B63: 5.4. | C63: ='(10)Comp.Deprec.'!C33 -> Mobiliário e Reformas da Central de Atendimento | E63: =E62 -> R$/mês | F63: =SUM(F64:F64) -> 83.333333 | H63: =H62 -> R$/ano | I63: =SUM(I64:I64) -> 1000 | J63: =SUM(J64:J64) -> 0.0013569451
C64: a. | D64: Custo | E64: =E63 -> R$/mês | F64: ='(10)Comp.Deprec.'!G34 -> 83.333333 | G64: 12 | H64: =H63 -> R$/ano | I64: =F64*G64 -> 1000 | J64: =I64/$I$74 -> 0.0013569451
B65: 5.5. | C65: Equipamentos Eletrônicos, Parquímetros, TI e Comunicação | E65: =E64 -> R$/mês | F65: =SUM(F66:F66) -> 575.83333 | H65: =H64 -> R$/ano | I65: =SUM(I66:I66) -> 6910 | J65: =SUM(J66:J66) -> 0.0093764908
C66: a. | D66: Custo | E66: =E65 -> R$/mês | F66: ='(10)Comp.Deprec.'!G47 -> 575.83333 | G66: =G64 -> 12 | H66: =H65 -> R$/ano | I66: =F66*G66 -> 6910 | J66: =I66/$I$74 -> 0.0093764908
B67: 5.6. | C67: Sinalização Vertical | E67: =E66 -> R$/mês | F67: =SUM(F68:F68) -> 255 | H67: =H66 -> R$/ano | I67: =SUM(I68:I68) -> 3060 | J67: =SUM(J68:J68) -> 0.0041522521
C68: a. | D68: Custo | E68: =E67 -> R$/mês | F68: ='(10)Comp.Deprec.'!G56 -> 255 | G68: =G66 -> 12 | H68: =H67 -> R$/ano | I68: =F68*G68 -> 3060 | J68: =I68/$I$74 -> 0.0041522521
B69: 5.7. | C69: Sinalização Horizontal | E69: =E68 -> R$/mês | F69: =SUM(F70:F70) -> 5814 | H69: =H68 -> R$/ano | I69: =SUM(I70:I70) -> 69768 | J69: =SUM(J70:J70) -> 0.094671347
C70: a. | D70: Custo | E70: =E69 -> R$/mês | F70: ='(10)Comp.Deprec.'!G65 -> 5814 | G70: =G68 -> 12 | H70: =H69 -> R$/ano | I70: =F70*G70 -> 69768 | J70: =I70/$I$74 -> 0.094671347
A71: 6. | B71: Despesa com Gateway | E71: =E70 -> R$/mês | F71: =F72 -> 11286 | H71: =H70 -> R$/ano | I71: =I72 -> 135432 | J71: =SUM(J72:J72) -> 0.18377379
C72: a. | D72: Custo | E72: =E71 -> R$/mês | F72: ='(13)Comp.Desp.Gat'!D25 -> 11286 | G72: 12 | H72: =H71 -> R$/ano | I72: =F72*G72 -> 135432 | J72: =I72/$I$74 -> 0.18377379
A73: Custo Corrente | E73: =E72 -> R$/mês | F73: =F4+F9+F32+F56+F60+F71 -> 61412.457 | H73: =H72 -> R$/ano | I73: =I4+I9+I32+I56+I60+I71 -> 736949.48 | J73: =J4+J9+J32+J56+J60+J71 -> #REF!
A74: Orçamento Operacional das Despesas | E74: =E60 -> R$/mês | F74: =F73 -> 61412.457 | H74: =H60 -> R$/ano | I74: =I73 -> 736949.48 | J74: =J73 -> #REF!
A76: Grupo de Custos
A77: Peso | B77: Descrição | G77: R$/mês | I77: R$/ano | J77: Participação
A78: P1 | B78: Participação da Despesa com Pessoal | G78: =F4 -> 28933.996 | I78: =I4 -> 347207.95 | J78: =I78/$I$84 -> 0.47114213
A79: P2 | B79: Participação da Despesa com Benefício Social, Uniforme e EPI | G79: =F9 -> 5704.3093 | I79: =I9 -> 68451.712 | J79: =I79/$I$84 -> 0.092885217
A80: P3 | B80: Participação das Despesas Gerais | G80: =F32 -> 7090.16 | I80: =I32 -> 85081.92 | J80: =I80/$I$84 -> 0.1154515
A81: P4 | B81: Participação da Despesa com Veículo | G81: =F56 -> 1269.825 | I81: =I56 -> 15237.9 | J81: =I81/$I$84 -> 0.020676994
A82: P5 | B82: Participação da Despesa com Depreciação de Capital | G82: =F60 -> 7128.1667 | I82: =I60 -> 85538 | J82: =I82/$I$84 -> 0.11607037
A83: P6 | B83: Participação da Despesa com Taxa de Arrecadação | G83: =F71 -> 11286 | I83: =I71 -> 135432 | J83: =I83/$I$84 -> 0.18377379
A84: Total | G84: =SUM(G78:G83) -> 61412.457 | I84: =SUM(I78:I83) -> 736949.48 | J84: =SUM(J78:J83) -> 1

Sheet (15)Fluxo_Caixa
A1: Planilha 15 - Fluxo de Caixa Projetado
G3: Ano 1 | H3: Ano 2 | I3: Ano 3 | J3: Ano 4 | K3: Ano 5
A4: A. Demonstrativo de Resultado Econômico - DRE | G4: Implantação | H4: Projeção | I4: Projeção | J4: Projeção | K4: Projeção
A6: 1. | B6: Receita Bruta | G6: ='(12)Comp.Prev.Fat'!D22 -> 5417280 | H6: ='(12)Comp.Prev.Fat'!E22 -> 5718480.8 | I6: ='(12)Comp.Prev.Fat'!F22 -> 6027498.7 | J6: ='(12)Comp.Prev.Fat'!G22 -> 6344500.5 | K6: ='(12)Comp.Prev.Fat'!H22 -> 6669656.1
A8: 2. | B8: Tributos e Repasses sobre o Faturamento | D8: =SUM(D9:D12) -> 0.0865 | G8: =SUM(G9:G12) -> 468594.72 | H8: =SUM(H9:H12) -> 494648.59 | I8: =SUM(I9:I12) -> 521378.64 | J8: =SUM(J9:J12) -> 548799.29 | K8: =SUM(K9:K12) -> 576925.25
B9: a. | C9: Imposto sobre Serviço de qualquer natureza - ISS | D9: 0.05 | G9: =G6*$D$9 -> 270864 | H9: =H6*$D$9 -> 285924.04 | I9: =I6*$D$9 -> 301374.93 | J9: =J6*$D$9 -> 317225.02 | K9: =K6*$D$9 -> 333482.81
B10: b. | C10: Contribuição Social sobre o Faturamento - COFINS | D10: 0.03 | G10: =G6*$D$10 -> 162518.4 | H10: =H6*$D$10 -> 171554.42 | I10: =I6*$D$10 -> 180824.96 | J10: =J6*$D$10 -> 190335.01 | K10: =K6*$D$10 -> 200089.68
B11: c. | C11: Programa de Integração Social - PIS | D11: 0.0065 | G11: =G6*$D$11 -> 35212.32 | H11: =H6*$D$11 -> 37170.125 | I11: =I6*$D$11 -> 39178.741 | J11: =J6*$D$11 -> 41239.253 | K11: =K6*$D$11 -> 43352.765
B12: d. | C12: Contribuição Previdenciária sobre a Receita Bruta - CPRB | D12: 0 | G12: =G6*$D$12 -> 0 | H12: =H6*$D$12 -> 0 | I12: =I6*$D$12 -> 0 | J12: =J6*$D$12 -> 0 | K12: =K6*$D$12 -> 0
A14: 3. | B14: Receita Bruta Deduzido Impostos (1-2) | G14: =G6-G8 -> 4948685.3 | H14: =H6-H8 -> 5223832.2 | I14: =I6-I8 -> 5506120 | J14: =J6-J8 -> 5795701.2 | K14: =K6-K8 -> 6092730.8
A16: 4. | B16: Outorga (1x4) | D16: ='(1)Premis.'!C16 -> 0.1 | G16: =G6*$D$16 -> 541728 | H16: =H6*$D$16 -> 571848.08 | I16: =I6*$D$16 -> 602749.87 | J16: =J6*$D$16 -> 634450.05 | K16: =K6*$D$16 -> 666965.61
A18: 5. | B18: Receita Liquida (2-3-4) | G18: =G14-G16-G8 -> 3938362.6 | H18: =H14-H16-H8 -> 4157335.5 | I18: =I14-I16-I8 -> 4381991.5 | J18: =J14-J16-J8 -> 4612451.8 | K18: =K14-K16-K8 -> 4848840
A20: 6. | B20: Depesas com Pessoal Operacionais | G20: =SUM(G21:G23) -> 629298.13 | H20: =SUM(H21:H23) -> 629298.13 | I20: =SUM(I21:I23) -> 629298.13 | J20: =SUM(J21:J23) -> 629298.13 | K20: =SUM(K21:K23) -> 629298.13
A22: 6.1 | B22: Depesa com Pessoal | G22: =SUM(G23:G24) -> 347207.95 | H22: =SUM(H23:H24) -> 347207.95 | I22: =SUM(I23:I24) -> 347207.95 | J22: =SUM(J23:J24) -> 347207.95 | K22: =SUM(K23:K24) -> 347207.95
B23: a. | C23: Pessoal Operacional | G23: ='(14)Orç.Tot'!I5 -> 282090.18 | H23: =G23 -> 282090.18 | I23: =H23 -> 282090.18 | J23: =I23 -> 282090.18 | K23: =J23 -> 282090.18
B24: b. | C24: Pessoal Administrativo | G24: ='(14)Orç.Tot'!I7 -> 65117.77 | H24: =G24 -> 65117.77 | I24: =H24 -> 65117.77 | J24: =I24 -> 65117.77 | K24: =J24 -> 65117.77
A25: 6.2. | B25: Despesa com Benefício Social + EPI | G25: =SUM(G26:G31) -> 68451.712 | H25: =SUM(H26:H31) -> 68451.712 | I25: =SUM(I26:I31) -> 68451.712 | J25: =SUM(J26:J31) -> 68451.712 | K25: =SUM(K26:K31) -> 68451.712
B26: a. | C26: Auxílio Alimentação | G26: ='(14)Orç.Tot'!I10 -> 14112 | H26: =G26 -> 14112 | I26: =H26 -> 14112 | J26: =I26 -> 14112 | K26: =J26 -> 14112
B27: b. | C27: Vale Transporte | G27: ='(14)Orç.Tot'!I13 -> 21638.4 | H27: =G27 -> 21638.4 | I27: =H27 -> 21638.4 | J27: =I27 -> 21638.4 | K27: =J27 -> 21638.4
B28: c. | C28: Assistência Médica e Hospitalar | G28: ='(14)Orç.Tot'!I16 -> 12230.4 | H28: =G28 -> 12230.4 | I28: =H28 -> 12230.4 | J28: =I28 -> 12230.4 | K28: =J28 -> 12230.4
B29: d. | C29: Seguro de Vida, Invalidez e Funeral: | G29: ='(14)Orç.Tot'!I19 -> 4609.92 | H29: =G29 -> 4609.92 | I29: =H29 -> 4609.92 | J29: =I29 -> 4609.92 | K29: =J29 -> 4609.92
B30: e. | C30: Uniforme | G30: ='(14)Orç.Tot'!I22 -> 12107.2 | H30: =G30 -> 12107.2 | I30: =H30 -> 12107.2 | J30: =I30 -> 12107.2 | K30: =J30 -> 12107.2
B31: f. | C31: EPI | G31: ='(14)Orç.Tot'!I30 -> 3753.792 | H31: =G31 -> 3753.792 | I31: =H31 -> 3753.792 | J31: =I31 -> 3753.792 | K31: =J31 -> 3753.792
A32: 6.3. | B32: Despesas Gerais | G32: =SUM(G33:G35) -> 85081.92 | H32: =SUM(H33:H35) -> 85081.92 | I32: =SUM(I33:I35) -> 85081.92 | J32: =SUM(J33:J35) -> 85081.92 | K32: =SUM(K33:K35) -> 85081.92
B33: a. | C33: Administrativas | G33: ='(14)Orç.Tot'!I33 -> 34669.2 | H33: =G33 -> 34669.2 | I33: =H33 -> 34669.2 | J33: =I33 -> 34669.2 | K33: =J33 -> 34669.2
B34: b. | C34: Serviço de Terceiro | G34: ='(14)Orç.Tot'!I43 -> 10198.8 | H34: =G34 -> 10198.8 | I34: =H34 -> 10198.8 | J34: =I34 -> 10198.8 | K34: =J34 -> 10198.8
B35: c. | C35: Operacionais | G35: ='(14)Orç.Tot'!I49 -> 40213.92 | H35: =G35 -> 40213.92 | I35: =H35 -> 40213.92 | J35: =I35 -> 40213.92 | K35: =J35 -> 40213.92
A36: 6.4. | B36: Despesa com Veículo | G36: =SUM(G37:G37) -> 15237.9 | H36: =SUM(H37:H37) -> 15237.9 | I36: =SUM(I37:I37) -> 15237.9 | J36: =SUM(J37:J37) -> 15237.9 | K36: =SUM(K37:K37) -> 15237.9
B37: a. | C37: ='(14)Orç.Tot'!C57:D57 -> Veículo de Fiscalização OCR | G37: ='(14)Orç.Tot'!I57 -> 15237.9 | H37: =G37 -> 15237.9 | I37: =H37 -> 15237.9 | J37: =I37 -> 15237.9 | K37: =J37 -> 15237.9
A39: 7. | B39: EBITDA (Lucro antes de juros, impostos, depreciação e amortização) (5-6) | G39: =G18-G20 -> 3309064.4 | H39: =H18-H20 -> 3528037.4 | I39: =I18-I20 -> 3752693.4 | J39: =J18-J20 -> 3983153.7 | K39: =K18-K20 -> 4219541.9
B40: a. | C40: Ganho efetivo da operação | G40: =G39/G6 -> 0.61083504 | H40: =H39/H6 -> 0.61695362 | I40: =I39/I6 -> 0.62259548 | J40: =J39/J6 -> 0.62781203 | K40: =K39/K6 -> 0.63264759
A42: 8. | B42: Depreciação | G42: =SUM(G43:G47) -> 85538 | H42: =SUM(H43:H47) -> 85538 | I42: =SUM(I43:I47) -> 85538 | J42: =SUM(J43:J47) -> 85538 | K42: =SUM(K43:K47) -> 85538
B43: a. | C43: Depreciação do Veículo de Fiscalização OCR | G43: ='(14)Orç.Tot'!I61 -> 4800 | H43: =G43 -> 4800 | I43: =H43 -> 4800 | J43: =I43 -> 4800 | K43: =J43 -> 4800
B44: b. | C44: Depreciação de Mobiliario | G44: ='(14)Orç.Tot'!I63 -> 1000 | H44: =G44 -> 1000 | I44: =H44 -> 1000 | J44: =I44 -> 1000 | K44: =J44 -> 1000
B45: c. | C45: Depreciação de Equipamentos Eletrônicos, Parquímetros, TI e Comunicação | G45: ='(14)Orç.Tot'!I65 -> 6910 | H45: =G45 -> 6910 | I45: =H45 -> 6910 | J45: =I45 -> 6910 | K45: =J45 -> 6910
B46: d. | C46: Depreciação de Sinalização Vertical | G46: ='(14)Orç.Tot'!I67 -> 3060 | H46: =G46 -> 3060 | I46: =H46 -> 3060 | J46: =I46 -> 3060 | K46: =J46 -> 3060
B47: e. | C47: Depreciação de Sinalização Horizontal | G47: ='(14)Orç.Tot'!I69 -> 69768 | H47: =G47 -> 69768 | I47: =H47 -> 69768 | J47: =I47 -> 69768 | K47: =J47 -> 69768
A49: 9. | B49: EBIT (Lucro antes de juros e imposto de renda) (7-8) | G49: =G39-G42 -> 3223526.4 | H49: =H39-H42 -> 3442499.4 | I49: =I39-I42 -> 3667155.4 | J49: =J39-J42 -> 3897615.7 | K49: =K39-K42 -> 4134003.9
A51: 10. | B51: Despesas com Gateway | G51: ='(14)Orç.Tot'!I71 -> 135432 | H51: =$G$51 -> 135432 | I51: =$G$51 -> 135432 | J51: =$G$51 -> 135432 | K51: =$G$51 -> 135432
A53: 11. | B53: EBT (Lucro antes de imposto de renda) (9-10) | G53: =G49-G51 -> 3088094.4 | H53: =H49-H51 -> 3307067.4 | I53: =I49-I51 -> 3531723.4 | J53: =J49-J51 -> 3762183.7 | K53: =K49-K51 -> 3998571.9
A55: 12. | B55: Imposto de Renda e CSLL | D55: % | G55: =SUM(G56:G58) -> 1025952.1 | H55: =SUM(H56:H58) -> 1100402.9 | I55: =SUM(I56:I58) -> 1176786 | J55: =SUM(J56:J58) -> 1255142.5 | K55: =SUM(K56:K58) -> 1335514.4
B56: a. | C56: Contribuição Social Sobre Lucro - CSLL | D56: 0.09 | G56: =IF(G53>=0,$D$56*G53,0) -> 277928.5 | H56: =IF(H53>=0,$D$56*H53,0) -> 297636.07 | I56: =IF(I53>=0,$D$56*I53,0) -> 317855.11 | J56: =IF(J53>=0,$D$56*J53,0) -> 338596.53 | K56: =IF(K53>=0,$D$56*K53,0) -> 359871.47
B57: b. | C57: Imposto de Renda - IR | D57: 0.15 | G57: =IF(G53>=0,$D$57*G53,0) -> 463214.17 | H57: =IF(H53>=0,$D$57*H53,0) -> 496060.11 | I57: =IF(I53>=0,$D$57*I53,0) -> 529758.51 | J57: =IF(J53>=0,$D$57*J53,0) -> 564327.56 | K57: =IF(K53>=0,$D$57*K53,0) -> 599785.78
B58: c. | C58: Adicional de Imposto de Renda | D58: 0.1 | G58: =IF(G53>240000,(G53-240000)*$D$58,0) -> 284809.44 | H58: =IF(H53>240000,(H53-240000)*$D$58,0) -> 306706.74 | I58: =IF(I53>240000,(I53-240000)*$D$58,0) -> 329172.34 | J58: =IF(J53>240000,(J53-240000)*$D$58,0) -> 352218.37 | K58: =IF(K53>240000,(K53-240000)*$D$58,0) -> 375857.19
A60: 13. | B60: Lucro Líquido do Exercício | G60: =G53-G55 -> 2062142.3 | H60: =H53-H55 -> 2206664.5 | I60: =I53-I55 -> 2354937.4 | J60: =J53-J55 -> 2507041.2 | K60: =K53-K55 -> 2663057.4
B61: a. | C61: Taxa de Lucratividade sobre a Receita | G61: =G60/G6 -> 0.3806601 | H61: =H60/H6 -> 0.38588299 | I61: =I60/I6 -> 0.39069896 | J61: =J60/J6 -> 0.39515187 | K61: =K60/K6 -> 0.39927957
A63: 14. | B63: Valores Não Desembolsados | G63: =SUM(G64:G68) -> 85538 | H63: =SUM(H64:H68) -> 85538 | I63: =SUM(I64:I68) -> 85538 | J63: =SUM(J64:J68) -> 85538 | K63: =SUM(K64:K68) -> 85538
B64: a. | C64: =C43 -> Depreciação do Veículo de Fiscalização OCR | G64: =G43 -> 4800 | H64: =H43 -> 4800 | I64: =I43 -> 4800 | J64: =J43 -> 4800 | K64: =K43 -> 4800
B65: b. | C65: =C44 -> Depreciação de Mobiliario | G65: =G44 -> 1000 | H65: =H44 -> 1000 | I65: =I44 -> 1000 | J65: =J44 -> 1000 | K65: =K44 -> 1000
B66: c. | C66: =C45 -> Depreciação de Equipamentos Eletrônicos, Parquímetros, TI e Comunicação | G66: =G45 -> 6910 | H66: =H45 -> 6910 | I66: =I45 -> 6910 | J66: =J45 -> 6910 | K66: =K45 -> 6910
B67: d. | C67: =C46 -> Depreciação de Sinalização Vertical | G67: =G46 -> 3060 | H67: =H46 -> 3060 | I67: =I46 -> 3060 | J67: =J46 -> 3060 | K67: =K46 -> 3060
B68: e. | C68: =C47 -> Depreciação de Sinalização Horizontal | G68: =G47 -> 69768 | H68: =H47 -> 69768 | I68: =I47 -> 69768 | J68: =J47 -> 69768 | K68: =K47 -> 69768
A70: B. Fluxo de Caixa | G70: =G4 -> Implantação | H70: =H4 -> Projeção | I70: =I4 -> Projeção | J70: =J4 -> Projeção | K70: =K4 -> Projeção
A72: 15. | B72: Fluxo de Caixa Operacional (13+14) | G72: =G60+G63 -> 2147680.3 | H72: =H60+H63 -> 2292202.5 | I72: =I60+I63 -> 2440475.4 | J72: =J60+J63 -> 2592579.2 | K72: =K60+K63 -> 2748595.4
A74: 16. | B74: Investimentos | F74: =SUM(F75:F81) -> 500316 | G74: =SUM(G75:G81) -> 500316 | H74: =SUM(H75:H81) -> 139536 | I74: =SUM(I75:I81) -> 139536 | J74: =SUM(J75:J81) -> 139536 | K74: =SUM(K75:K81) -> 139536
B75: b. | C75: ='(3)Invest.'!C6 -> Veículo para sistema OCR | F75: ='(3)Invest.'!F6 -> 80000 | G75: =F75 -> 80000 | H75: 0 | I75: 0 | J75: 0 | K75: 0
B76: d. | C76: ='(3)Invest.'!C10 -> Mobiliário e Reformas da Central de Atendimento | F76: ='(3)Invest.'!F10 -> 10000 | G76: =F76 -> 10000 | H76: 0 | I76: 0 | J76: 0 | K76: 0
B77: e. | C77: ='(3)Invest.'!B13 -> Equipamentos Eletrônicos, TI e Comunicação | F77: ='(3)Invest.'!F20 -> 64550 | G77: =F77 -> 64550 | H77: 0 | I77: 0 | J77: 0 | K77: 0
B78: f. | C78: ='(3)Invest.'!C23 -> Sinalização Vertical (un) (incluindo demais sinalizações dentro da area do estacionamento rotativo) | F78: ='(3)Invest.'!F23 -> 30600 | G78: =F78 -> 30600 | H78: 0 | I78: 0 | J78: 0 | K78: 0
B79: g. | C79: ='(3)Invest.'!C24 -> Sinalização Horizontal (m²) (incluindo faixas de pedestre, e demais sinalizações dentro do estacionamento rotativo) | F79: ='(3)Invest.'!F24 -> 139536 | G79: =F79 -> 139536 | H79: =G79 -> 139536 | I79: =H79 -> 139536 | J79: =G79 -> 139536 | K79: =H79 -> 139536
B80: j. | C80: Campanha Divulgação de Utilização do Sistema | F80: ='(3)Invest.'!F31 -> 15630 | G80: =F80 -> 15630 | H80: 0 | I80: 0 | J80: =I80 -> 0 | K80: =J80 -> 0
B81: k. | C81: ='(3)Invest.'!B33 -> Aplicação digital para Estacionamento Rotativo | F81: ='(3)Invest.'!F36 -> 160000 | G81: =F81 -> 160000 | H81: 0 | I81: 0 | J81: 0 | K81: =H81 -> 0
A83: 17. | B83: Fluxo de Caixa dos Investimentos (15-16) | F83: =-F74 -> -500316 | G83: =G72-G74 -> 1647364.3 | H83: =H72-H74 -> 2152666.5 | I83: =I72-I74 -> 2300939.4 | J83: =J72-J74 -> 2453043.2 | K83: =K72-K74 -> 2609059.4
A85: 18. | B85: Fluxo de Caixa Livre (18+17) | F85: =F83 -> -500316 | G85: =F85+G83 -> 1147048.3 | H85: =G85+H83 -> 3299714.8 | I85: =H85+I83 -> 5600654.3 | J85: =I85+J83 -> 8053697.5 | K85: =J85+K83 -> 10662757
F86: 0 | G86: 1 | H86: =G86+1 -> 2 | I86: =H86+1 -> 3 | J86: =I86+1 -> 4 | K86: =J86+1 -> 5
A87: 19. | B87: Payback | F87: 0 | G87: =IF(SUM(F87:$F$87)>0,0,IF(SUM($F83:G$83)>0,G86-SUM($F83:G$83)/G83,0)) -> 0.30370695 | H87: =IF(SUM($F87:G$87)>0,0,IF(SUM($F83:H$83)>0,H86-SUM($F83:H$83)/H83,0)) -> 0 | I87: =IF(SUM($F87:H$87)>0,0,IF(SUM($F83:I$83)>0,I86-SUM($F83:I$83)/I83,0)) -> 0 | J87: =IF(SUM($F87:I$87)>0,0,IF(SUM($F83:J$83)>0,J86-SUM($F83:J$83)/J83,0)) -> 0 | K87: =IF(SUM($F87:J$87)>0,0,IF(SUM($F83:K$83)>0,K86-SUM($F83:K$83)/K83,0)) -> 0
A89: 20. | B89: Indicadores e Méritos do Fluxo de Caixa
A90: 20.1. | B90: Valor Presente Líquido - VPL | D90: =NPV(D91,F83:K83) -> -7.6773929e-12
A91: 20.2. | B91: Taxa Interna de Retorno - TIR | D91: =IRR(F83:K83) -> 3.5312482
A92: 20.3. | B92: Payback (anos) | D92: =SUM(G87:K87) -> 0.30370695
A93: 20.4. | B93: Investimento na Implantação | D93: =F74 -> 500316
A94: 20.5. | B94: Prazo de Concessão | D94: 5 anos

Sheet Planilha3

Sheet Planilha1

Sheet Planilha4

Sheet Planilha2
